 Dungeon Crawl Stone Soup version 0.28.0-45-g0d030f2227 (webtiles) character file.

Game seed: 1352728519276601933

736117 azzeron2000 the Tortoise (level 27, -4/231 HPs)
             Began as a Demonspawn Ice Elementalist on May 17, 2022.
             Was the Champion of Ashenzari.
             Slain by an Orb Guardian (24 damage)
             ... on level 5 of the Realm of Zot on May 18, 2022.
             The game lasted 09:21:44 (87750 turns).

azzeron2000 the Tortoise (DsIE)                    Turns: 87750, Time: 09:21:44

Health: -4/231     AC: 31    Str:  3 (9)  XL:     27
Magic:  17/50      EV:  6    Int: 27 (28) God:    Ashenzari [******]
Gold:   2156       SH:  0    Dex: 20      Spells: 5/73 levels left

rFire   + + .      SeeInvis +   J - +9 scimitar of the Shackled Augurer {spect, rC+ Int+4, Bglg, Self} (curse)
rCold   + + +      Faith    .   E - +3 warlock's mirror {reflect, Melee, Bglg} (curse)
rNeg    + + +      Spirit   .   H - +6 chain mail "Ensconced Together" {rN++, Bglg, Elem} (curse)
rPois   .          Reflect  +   t - +2 hat of the Celestial Loss {SInv, Cun, Self} (curse)
rElec   +          Harm     .   n - scarf "Ruined Together" {rC+ rF+, Cun, Alch} (curse)
rCorr   +          Rampage  .   (gloves unavailable)
Will    +++..      Clarity  +   k - +2 pair of boots of the Bound God {Regen+ Slay+2, Elem, Comp} (curse)
Stlth   +++.......              u - amulet "Visionary of Ashenzari" {Acrobat rF+ Regen+ rCorr, Elem, Cun} (curse)
HPRegen 2.08/turn               v - ring of Ashenzari's Idealism {rElec rN+ Will+, Elem, Alch} (curse)
MPRegen 0.32/turn               d - ring "Prison of the Sky" {rC++ AC+4 Dex+2 Slay+3, Bglg, Self} (curse)

@: lethally poisoned (-4 -> -5), about to teleport, held, studying Slings
A: spiny 3, sturdy frame 3, demonic magic 3, corrupting presence 2, word of
chaos, demonic touch 3, horns 1, weak 1, wild magic 1, MP-powered wands
}: 6/15 runes: decaying, serpentine, slimy, silver, bone, abyssal
a: Word of Chaos, Renounce Religion, Shatter the Chains


You were on level 5 of the Realm of Zot.
You worshipped Ashenzari.
Ashenzari was exalted by your worship.
You visited 14 branches of the dungeon, and saw 65 of its levels.
You visited the Abyss 1 time.
You visited 1 bazaar.
You also visited: Sewer, Gauntlet and Wizlab.

You collected 9917 gold pieces.
You spent 7761 gold pieces at shops.

Inventory:

Hand Weapons
 r - a +9 demon trident of flaming
 J - the cursed +9 scimitar of the Shackled Augurer (weapon) {spect, rC+ Int+4, Bglg, Self}
   (You found it on level 14 of the Dungeon)

   When its wielder attacks, the weapon's spirit leaps out and strikes again.
   The spirit shares a part of any damage it takes with its wielder.
   Int:       It affects your intelligence (+4).
   rC:        It protects you from cold.
   It has a curse which improves the following skills: Beguiling: Conjurations,
   Hexes and Translocations.
   Introspection: Fighting and Spellcasting.
 P - the +7 sceptre of Torment {pain, torment}
   (You found it on level 3 of the Depths)

   In the hands of one skilled in necromantic magic, it inflicts extra damage on
   living creatures.
   It occasionally torments all nearby living foes when it strikes in combat.
Missiles
 x - 18 curare-tipped darts (quivered)
Armour
 k - the cursed +2 pair of boots of the Bound God (worn) {Regen+ Slay+2, Elem, Comp}
   (You acquired it on level 2 of the Orcish Mines)

   Slay:      It affects your accuracy & damage with ranged weapons and melee
   (+2).
   Regen:     It increases your rate of health regeneration.
   It has a curse which improves the following skills: Elements: Fire Magic, Ice
   Magic, Air Magic and Earth Magic.
   Companions: Summonings and Necromancy.
 n - the cursed scarf "Ruined Together" (worn) {rC+ rF+, Cun, Alch}
   (You acquired it on level 1 of the Swamp)

   It has a curse which improves the following skills: Cunning: Dodging and
   Stealth.
   Alchemy:   Poison Magic and Transmutations.
 p - +9 storm dragon scales {Bai Suzhen}
 t - the cursed +2 hat of the Celestial Loss (worn) {SInv, Cun, Self}
   (You bought it in a shop on level 1 of the Snake Pit)

   It has a curse which improves the following skills: Cunning: Dodging and
   Stealth.
   Introspection: Fighting and Spellcasting.
 E - the cursed +3 warlock's mirror (worn) {reflect, Melee, Bglg}
   (You took it off a minotaur in a Gauntlet)

   It can block and reflect piercing ranged attacks and magical attacks against
   the wielder's willpower.
   It has a curse which improves the following skills: Melee Combat: Short
   Blades, Long Blades, Axes, Maces & Flails, Polearms, Staves and Unarmed
   Combat.
   Beguiling: Conjurations, Hexes and Translocations.
 H - the cursed +6 chain mail "Ensconced Together" (worn) {rN++, Bglg, Elem}
   (You found it on level 1 of the Depths)

   rN:        It greatly protects you from negative energy.
   It has a curse which improves the following skills: Beguiling: Conjurations,
   Hexes and Translocations.
   Elements:  Fire Magic, Ice Magic, Air Magic and Earth Magic.
Jewellery
 d - the cursed ring "Prison of the Sky" (right hand) {rC++ AC+4 Dex+2 Slay+3, Bglg, Self}
   (You took it off a minotaur in a Gauntlet)

   [ring of protection]

   AC:        It affects your AC (+4).
   Dex:       It affects your dexterity (+2).
   Slay:      It affects your accuracy & damage with ranged weapons and melee
   (+3).
   rC:        It greatly protects you from cold.
   It has a curse which improves the following skills: Beguiling: Conjurations,
   Hexes and Translocations.
   Introspection: Fighting and Spellcasting.
 f - the ring "Ovaqeuc" {EV+4 Str+4 Stlth+}
   (You found it on level 9 of the Dungeon)

   [ring of evasion]

   EV:        It affects your evasion (+4).
   Str:       It affects your strength (+4).
   Stlth:     It makes you more stealthy.
 u - the cursed amulet "Visionary of Ashenzari" (around neck) {Acrobat rF+ Regen+ rCorr, Elem, Cun}
   (You found it in a Gauntlet)

   [amulet of the acrobat]

   It increases your evasion while moving and waiting.
   rF:        It protects you from fire.
   Regen:     It increases your rate of health regeneration.
   rCorr:     It protects you from acid and corrosion.
   It has a curse which improves the following skills: Elements: Fire Magic, Ice
   Magic, Air Magic and Earth Magic.
   Cunning:   Dodging and Stealth.
 v - the cursed ring of Ashenzari's Idealism (left hand) {rElec rN+ Will+, Elem, Alch}
   (You took it off a royal mummy on level 3 of the Crypt)

   [ring of positive energy]

   rElec:     It insulates you from electricity.
   rN:        It protects you from negative energy.
   Will:      It increases your willpower.
   It has a curse which improves the following skills: Elements: Fire Magic, Ice
   Magic, Air Magic and Earth Magic.
   Alchemy:   Poison Magic and Transmutations.
 y - the ring of Finality {rN+ Slay+4}
   (You found it on level 3 of the Crypt)

   [ring of positive energy]

   Slay:      It affects your accuracy & damage with ranged weapons and melee
   (+4).
   rN:        It protects you from negative energy.
 z - a +4 ring of evasion
 D - the ring of Azaimpecs {Wiz +Blink rPois rF- rN+++}
   (You took it off a vault guard on level 5 of the Vaults)

   [ring of wizardry]

   It improves your spell success rate.
   rF:        It makes you vulnerable to fire.
   rPois:     It protects you from poison.
   rN:        It renders you almost immune to negative energy.
   +Blink:    It lets you blink.
 G - an amulet of regeneration
 K - the ring "Kupudaps" {Will+ rCorr Dex+3}
   (You took it off a deep elf pyromancer on level 3 of the Elven Halls)

   [ring of willpower]

   Dex:       It affects your dexterity (+3).
   rCorr:     It protects you from acid and corrosion.
   Will:      It increases your willpower.
 N - the ring "Getank" {rN+ MP+9 Str+3}
   (You took it off a deep elf annihilator on level 5 of the Vaults)

   [ring of magical power]

   Str:       It affects your strength (+3).
   rN:        It protects you from negative energy.
   MP:        It affects your magic capacity (+9).
 T - a ring of protection from fire
Wands
 g - a wand of iceblast (15)
 B - a wand of acid (21)
 I - a wand of mindburst (38)
 Y - a wand of digging (33)
Scrolls
 a - 26 scrolls of teleportation
 h - 12 scrolls of fear
 l - 3 scrolls of blinking
 o - 3 scrolls of silence
 q - a scroll of acquirement
 s - 2 scrolls of amnesia
 A - 12 scrolls of fog
 O - 11 scrolls of magic mapping
 Q - a scroll of vulnerability
 R - 6 scrolls of summoning
Potions
 b - 9 potions of attraction
 c - 7 potions of brilliance
 e - 12 potions of flight
 i - 2 potions of cancellation
 j - 6 potions of ambrosia
 m - 35 potions of curing
 w - 10 potions of lignification
 C - 3 potions of heal wounds
 F - 5 potions of berserk rage
 L - 5 potions of magic
 M - 6 potions of invisibility
 S - 6 potions of might
 U - 2 potions of haste
 X - a potion of resistance


   Skills:
 + Level 17.0(21.9) Fighting
 - Level 11.8(14.4) Long Blades
 - Level 12.1(14.7) Polearms
 + Level 19.7 Armour
 + Level 14.5(19.6) Dodging
 - Level 3.7(8.1) Stealth
 + Level 11.7 Shields
 + Level 19.1(23.9) Spellcasting
 - Level 12.0(18.2) Conjurations
 - Level 8.4(11.1) Summonings
 + Level 19.6(22.0) Necromancy
 + Level 13.6(17.5) Transmutations
 - Level 12.1(18.3) Ice Magic
 - Level 4.0(9.4) Air Magic
 + Level 13.2(19.4) Earth Magic


You had 5 spell levels left.
You knew the following spells:

 Your Spells              Type           Power      Damage    Failure   Level
a - Sublimation of Blood  Necr           100%       N/A       1%          2
b - Haunt                 Necr/Summ      51%        N/A       13%         7
c - Ozocubu's Armour      Ice            100%       N/A       1%          3
d - Borgnjor's Revivific  Necr           57%        N/A       11%         8
e - Passwall              Tmut/Erth      89%        N/A       1%          2
f - Iron Shot             Conj/Erth      54%        9d10      1%          6
g - Borgnjor's Vile Clut  Necr/Erth      56%        N/A       1%          5
h - Necromutation         Tmut/Necr      55%        N/A       24%         8
i - Death Channel         Necr           57%        N/A       1%          6
j - Irradiate             Conj/Tmut      53%        3d31      1%          5
k - Dispel Undead         Necr           100%       3d31      1%          4
l - Wereblood             Tmut           100%       N/A       1%          2
m - Swiftness             Air            82%        N/A       1%          3
n - Ozocubu's Refrigerat  Ice            53%        4d15      7%          7

Your spell library contained the following spells:

 Spells                   Type           Power      Damage    Failure   Level
 Animate Skeleton         Necr           100%       N/A       1%          1
 Beastly Appendage        Tmut           100%       N/A       1%          1
 Foxfire                  Conj/Fire      100%       2x1d9     1%          1
 Freeze                   Ice            100%       1d11      1%          1
 Pain                     Necr           100%       1d9       1%          1
 Sandblast                Erth           100%       2d20      1%          1
 Shock                    Conj/Air       100%       1d9       1%          1
 Sting                    Tmut/Pois      100%       1d8       1%          1
 Summon Small Mammal      Summ           100%       N/A       1%          1
 Call Imp                 Summ           88%        N/A       1%          2
 Corpse Rot               Necr/Air       100%       N/A       1%          2
 Ensorcelled Hibernation  Hex/Ice        100%       N/A       1%          2
 Static Discharge         Conj/Air       95%        N/A       1%          2
 Call Canine Familiar     Summ           88%        N/A       1%          3
 Conjure Flame            Conj/Fire      83%        6-21      1%          3
 Dazzling Flash           Conj/Hex       100%       N/A       1%          3
 Frozen Ramparts          Ice            100%       1d12      1%          3
 Spider Form              Tmut/Pois      81%        N/A       1%          3
 Stone Arrow              Conj/Erth      100%       3d13      1%          3
 Vampiric Draining        Necr           100%       2d13      1%          3
 Anguish                  Hex/Necr       44%        N/A       1%          4
 Animate Armour           Summ/Erth      100%       N/A       1%          4
 Animate Dead             Necr           57%        N/A       1%          4
 Hailstorm                Conj/Ice       100%       3d20      1%          4
 Ice Form                 Ice/Tmut       100%       N/A       1%          4
 Petrify                  Tmut/Erth      100%       N/A       1%          4
 Summon Ice Beast         Ice/Summ       98%        N/A       1%          4
 Agony                    Necr           100%       N/A       1%          5
 Blade Hands              Tmut           52%        N/A       1%          5
 Excruciating Wounds      Necr           57%        N/A       1%          5
 Freezing Cloud           Conj/Ice/Air   49%        6-21      1%          5
 Lee's Rapid Deconstruct  Erth           54%        3d26*     1%          5
 Lightning Bolt           Conj/Air       47%        1d68      1%          5
 Leda's Liquefaction      Hex/Erth       42%        N/A       2%          4
 Summon Lightning Spire   Summ/Air       85%        N/A       2%          4
 Poisonous Vapours        Pois/Air       100%       N/A       3%          2
 Ignite Poison            Fire/Tmut/Pois 72%        N/A       3%          3
 Airstrike                Air            41%        N/A       3%          4
 Flame Wave               Conj/Fire      83%        2d14      3%          4
 Fulminant Prism          Conj/Hex       41%        3d20      3%          4
 Iskenderun's Mystic Bla  Conj/Tloc      83%        2d16      3%          4
 Summon Guardian Golem    Hex/Summ       71%        N/A       4%          3
 Apportation              Tloc           96%        N/A       10%         1
 Slow                     Hex            100%       N/A       10%         1
 Alistair's Intoxication  Tmut/Pois      54%        N/A       10%         5
 Blink                    Tloc           96%        N/A       13%         2
 Scorch                   Fire           96%        2d10      13%         2
 Inner Flame              Hex/Fire       48%        N/A       24%         3
 Lesser Beckoning         Tloc           48%        N/A       24%         3
 Portal Projectile        Hex/Tloc       96%        N/A       24%         3
 Tukima's Dance           Hex            48%        N/A       24%         3
 Summon Forest            Summ/Tloc      35%        N/A       28%         5
 Summon Mana Viper        Hex/Summ       71%        N/A       28%         5
 Silence                  Hex/Air        34%        N/A       36%         5
 Cause Fear               Hex            24%        N/A       58%         4
 Passage of Golubria      Tloc           48%        N/A       58%         4
 Olgreb's Toxic Radiance  Pois           45%        N/A       65%         4
 Manifold Assault         Tloc           48%        N/A       89%         5
 Simulacrum               Ice/Necr       55%        N/A       1%          6
 Statue Form              Tmut/Erth      71%        N/A       1%          6
 Orb of Destruction       Conj           53%        9d13      7%          7
 Conjure Ball Lightning   Conj/Air       47%        3x3d16    8%          6
 Dragon Form              Tmut           52%        N/A       9%          7
 Summon Cactus Giant      Summ           44%        N/A       21%         6
 Spellforged Servitor     Conj/Summ      49%        N/A       26%         7
 Lehudib's Crystal Spear  Conj/Erth      54%        10d13     34%         8
 Storm Form               Tmut/Air       47%        N/A       36%         7
 Eringya's Noxious Bog    Tmut/Pois      40%        N/A       41%         6
 Monstrous Menagerie      Summ           44%        N/A       67%         7
 Summon Hydra             Summ           44%        N/A       67%         7
 Death's Door             Necr           57%        N/A       78%         9
 Shatter                  Erth           54%        3d41*     98%         9
 Polar Vortex             Ice            53%        N/A       99%         9
 Enfeeble                 Hex            24%        N/A       100%        7
 Discord                  Hex            24%        N/A       100%        8
 Disjunction              Tloc           24%        N/A       100%        8
 Ignition                 Fire           24%        3d8       100%        8
 Maxwell's Capacitive Co  Air            41%        ∞         100%        8
 Chain Lightning          Conj/Air       47%        3d63      100%        9
 Fire Storm               Conj/Fire      41%        8d11      100%        9


Dungeon Overview and Level Annotations

Branches:
Dungeon (15/15)            Temple (1/1) D:4            Lair (6/6) D:10
  Swamp (4/4) Lair:3        Snake (4/4) Lair:4        Slime (5/5) Lair:5
    Orc (2/2) D:11            Elf (3/3) Orc:2        Vaults (5/5) D:14
  Crypt (3/3) Vaults:3       Tomb (0/3) Crypt:3      Depths (4/4) D:15
   Hell (visited)             Dis (0/7) Hell            Geh (0/7) Hell
    Coc (0/7) Hell            Tar (7/7) Hell            Zot (5/5) Depths:4
  Sewer (visited)          WizLab (visited)         Gauntlet (visited)

Altars:
Ashenzari
Cheibriados
Elyvilon
Gozag
Hepliaklqana
Kikubaaqudgha
Makhleb
Okawaru
Qazlal
Ru
Sif Muna
Uskayaw
Wu Jian
Xom
Yredelemnul
Zin
The Shining One
Beogh
Jiyva

Shops:
D:8 (   D:14 [   D:15 *   Orc:2 =!**(?(**   Elf:2 !!:[!   Elf:3 *
Snake:1 *[*=([   Snake:3 :(   Snake:4 *   Vaults:2 [

Portals:
Hell: Depths:1 Depths:2 Depths:3 Depths:4
Abyss: Crypt:2 Depths:3
Pandemonium: Depths:2 Depths:3
Ziggurat: Depths:1

Annotations:
Swamp:3 2 transporters, Roxanne; protoss039's ghost, adept DsCj
Crypt:2 2 transporters, Heot Zafel's ghost, veteran MiGl


Innate Abilities, Weirdness & Mutations

You are completely covered in sharp spines.
Your movements are significantly less encumbered by armour. (ER -6)
Spells you cast and wands you use may paralyse nearby enemies.
Your presence sometimes corrodes or deforms those you injure.
You can speak a Word of Chaos.
Your touch may irresistibly damage your foes and sap their willpower.
You have a pair of small horns on your head.
You are weak. (Str -2)
Your spells are a little harder to cast, but a little more powerful.
You expend magic power (3 MP) to strengthen your wands.


Message History

The orb of fire glows bright magenta.
The bolt of fire hits you! You resist.
* * * LOW HITPOINT WARNING * * *
You block the Orb Guardian's attack. x2
You feel much better. The quicksilver dragon bites you!
* * * LOW HITPOINT WARNING * * *
The quicksilver dragon barely misses you.
The Orb Guardian is struck by your spines.
The Orb Guardian barely misses you. x2; The quicksilver dragon bites you.
* * * LOW HITPOINT WARNING * * *
The quicksilver dragon claws you but does no damage.
The orb of fire emits a lurid red light.
The bolt of fire hits you! You resist.
* * * LOW HITPOINT WARNING * * *
The Orb Guardian is struck by your spines.
The Orb Guardian hits you.
* * * LOW HITPOINT WARNING * * *
Blink to where?
Press: ? - help, Dir - move target, p - orb of fire Really blink into that permanent teleport trap?
You enter a permanent teleport trap!
Your surroundings seem slightly different.
An Orb Guardian comes into view.
As you read the scroll of blinking, it crumbles to dust.
The Orb Guardian drops a net on you.
You become entangled in the net!
You see here a throwing net.
As you read the scroll of teleportation, it crumbles to dust.
You feel strangely unstable.
You feel the Orb delaying your translocation!
The Killer Klown is struck by your spines.
The Killer Klown hits you but does no damage.
You are poisoned.
The Orb Guardian is struck by your spines.
The Orb Guardian barely misses you.
The Killer Klown is struck by your spines.
The Killer Klown closely misses you.
You struggle against the net.
You feel sick.
The Orb Guardian hits you but does no damage.
The Orb Guardian hits you!!
You die...

^...##▓▓##.............. *
....#▓▓##...........^^.. ,
...##▓▓#................,,
, ...#
▓▓#.....^..^....^.., ...#
▓▓#................ ,
....*▓▓#...^.X..........,
, * .{..*
#......p........., .... *
#.......*DX^....., ,* ###
, *##.....XX@....... , * *
##.............. , * *
,.......(=....... * *
▓▓▓▓▓▓▓▓▓##^...8*
▓▓▓▓..........^... **
##▓....{......, .... *
##^............ ... *
#......{......., ,... ,,
**▓....{....p*{.. , ,, *


You could see an orb of fire, a Killer Klown, a quicksilver dragon and 4 Orb
Guardians.

Vanquished Creatures
  the Royal Jelly (Slime:5)
  Ereshkigal (Tar:7)
  2 dread liches
  2 ancient liches
  Mennas (Depths:4)
  Mara (Swamp:3)
  The ghost of simples the Axe Maniac, a master HOBe of Trog (Zot:5)
  Sojobo (Crypt:2)
  4 royal mummies
  Bai Suzhen (Vaults:4)
  Margery (Vaults:4)
  Frederick (Vaults:4)
  Geryon (Hell)
  A curse toe (Zot:4)
  10 golden dragons
  A caustic shrike (Depths:1)
  The ghost of Waammiq the Devastator, a veteran GrEE of Lugonu (Crypt:1)
  6 profane servitors
  Nikola (Swamp:2)
  The ghost of Bofel the Warrior, a veteran HuFi of Gozag (Depths:3)
  Jory (Crypt:3)
  A Hellbinder (WizLab)
  5 bone dragons
  12 Tzitzimimeh
  6 doom hounds
  2 shard shrike zombies
  2 hellephants
  5 electric golems
  A spectral shard shrike (Tar:5)
  Rupert (Snake:1)
  16 tentacled monstrosities
  3 Orb Guardians (Zot:5)
  A walking earthen tome (Depths:4)
  10 liches
  17 tainted leviathans
  The ghost of Gygal Fez the Peltast, an adept MiFi of Okawaru (Snake:1)
  7 quicksilver dragons
  A deep elf blademaster (Elf:3)
  4 titans (Vaults:5)
  Murray (Depths:3)
  The ghost of Soawkar the Warrior, an adept GrFi of Okawaru (Snake:1)
  3 deep elf master archers (Elf:3)
  5 tentacled starspawn
  11 acid blobs
  5 death cobs
  9 sphinxes
  4 ancient champions
  7 tengu reavers
  8 shadow dragons
  7 storm dragons
  Kirke (Swamp:2)
  3 draconian monks (Zot:3)
  A fenstrider witch (Swamp:1)
  2 thorn hunters
  11 rockslimes
  8 azure jellies
  A revenant (Crypt:1)
  A daeva (Abyss:3)
  2 fire giants
  4 nagarajas (Snake:4)
  3 draconian knights
  5 deep elf sorcerers
  4 draconian shifters
  3 iron dragons
  3 spectral caustic shrikes
  An orc warlord (Vaults:3)
  An emperor scorpion (shapeshifter) (Vaults:5)
  2 balrugs
  A curse skull (Crypt:2)
  10 frost giants
  4 draconian scorchers
  9 vault wardens
  12 ironbound preservers
  A ghoul (Swamp:1)
  4 draconian stormcallers
  A caustic shrike zombie (Abyss:2)
  A ghost moth (Zot:5)
  2 draconian annihilators (Zot:3)
  6 cacodemons
  3 deep elf elementalists (Elf:3)
  22 very ugly things
  10 stone giants
  A demonspawn blood saint (WizLab)
  3 spriggan defenders (Depths:4)
  4 war gargoyles
  15 reapers
  3 vampire knights
  A caustic shrike skeleton (Abyss:3)
  11 quicksilver oozes
  Nessos (Lair:6)
  3 deep elf demonologists
  6 black draconians
  4 eleionomae
  4 green draconians
  3 yellow draconians
  21 putrid mouths
  8 white draconians
  5 ironbound thunderhulks
  A wendigo (Depths:3)
  10 purple draconians
  8 red draconians
  A lorocyproca (Depths:4)
  An entropy weaver (Vaults:5)
  6 spark wasps
  6 deep elf annihilators
  A spectral titan (Tar:4)
  A minotaur (Gauntlet)
  9 bunyips
  Azrael (D:12)
  16 dire elephants
  7 deep elf death magi
  5 blizzard demons
  7 eidola
  8 mummy priests
  2 crystal guardians
  11 ettins
  22 jiangshi
  A spectral iron giant (Tar:7)
  Josephine (Orc:2)
  10 fire dragons
  A shambling mangrove (Swamp:3)
  3 deep elf high priests
  5 yaktaur captains
  The ghost of Nefuv the Blocker, a journeyman MiBe of Trog (Lair:3)
  A spectral quicksilver dragon (Tar:3)
  4 spectral spriggans
  8 great orbs of eyes
  9 naga warriors
  2 hell beasts (Hell)
  A spectral fenstrider witch (Tar:1)
  7 boulder beetles
  26 vault guards
  6 rakshasas
  A catoblepas (Lair:5)
  10 ice dragons
  5 peacekeepers
  A salamander tyrant (Snake:3)
  12 hydras
  3 anacondas
  11 spriggan air magi
  A quicksilver dragon skeleton (Crypt:3)
  8 ironbound frosthearts
  2 ghost crabs
  20 two-headed ogres
  9 alligators
  Erica (Orc:1)
  4 centaur warriors
  25 dancing weapons
  5 ogre magi
  2 death knights
  11 death yaks (Lair:6)
  9 deep troll shamans
  3 thrashing horrors
  6 orc high priests
  7 vampire magi
  4 tengu warriors
  5 hell hogs
  6 shock serpents
  2 spriggan berserkers
  11 naga sharpshooters
  10 deep troll earth magi
  15 deep elf knights
  2 spectral nagas
  8 soul eaters
  10 sun demons
  3 salamander mystics
  3 wretched stars (Abyss:3)
  20 hell knights
  3 sixfirhies
  A titan skeleton (Crypt:2)
  6 iron trolls
  24 shadow wraiths
  A golden dragon zombie (Crypt:1)
  7 goliath frogs
  A spectral anaconda (Tar:1)
  A swamp dragon (shapeshifter) (Vaults:5)
  3 spatial maelstroms
  A spriggan druid (Swamp:1)
  9 flayed ghosts
  3 shadow demons (WizLab)
  22 skeletal warriors
  61 deep trolls
  6 swamp dragons
  A spectral hydra (Tar:1)
  15 deep elf archers
  7 lindwurms
  A bunyip skeleton (Crypt:3)
  11 phantasmal warriors
  2 bog bodies
  14 ironbound convokers
  9 wizards
  A golden dragon skeleton (Vaults:5)
  A glowing orange brain (Vaults:3)
  4 naga ritualists
  A spectral iron dragon (Tar:3)
  5 orc knights
  5 harpies
  An anaconda skeleton (Crypt:1)
  27 deep elf pyromancers
  10 necromancers
  3 oklob plants (Lair:5)
  40 ugly things
  21 deep elf zephyrmancers
  10 mana vipers
  An orc sorcerer (Orc:2)
  4 manticores
  A spectral ettin (Tar:7)
  17 moths of wrath
  3 shining eyes
  A will-o-the-wisp (Swamp:2)
  A human zombie (Vaults:4)
  2 spectral centaurs
  14 salamanders
  An ice statue (Depths:3)
  9 cyclopes
  An apocalypse crab (Abyss:5)
  33 elephants
  3 molten gargoyles (Hell)
  12 rust devils
  15 vault sentinels
  43 black mambas
  10 naga magi
  3 orange demons
  23 smoke demons
  A guardian serpent (Snake:3)
  25 cane toads
  2 dire elephant skeletons
  A fire giant skeleton (Vaults:4)
  A gargoyle (D:13)
  4 hellions
  3 centaur skeletons (D:14)
  A yellow draconian zombie (Crypt:2)
  8 unseen horrors
  2 shock serpent skeletons
  A swamp worm zombie (Crypt:3)
  Psyche (D:9)
  A kobold demonologist (Depths:4)
  A grey draconian zombie (Crypt:3)
  An alligator snapping turtle skeleton (Crypt:1)
  4 efreet
  8 freezing wraiths
  11 komodo dragons
  11 yaktaurs
  3 rime drakes
  A red draconian zombie (Crypt:3)
  9 tormentors
  4 ice devils
  30 guardian mummies (Crypt:3)
  3 spectral harpies
  6 ancient zymes
  A golden dragon simulacrum (Hell)
  An entropy weaver simulacrum (Vaults:4)
  4 hellwings
  7 trolls
  A meliai (D:11)
  A wind drake (shapeshifter) (Abyss:5)
  5 red devils
  A silent spectre (Abyss:3)
  2 polar bears
  10 hornets
  7 tyrant leeches
  20 blink frogs
  A hornet (shapeshifter) (D:15)
  A wolf spider simulacrum (D:13)
  2 harpy skeletons (Crypt:1)
  4 dream sheep (Lair:5)
  A spectral black mamba (Tar:1)
  56 slime creatures
  15 raiju
  42 starcursed masses
  2 centaur simulacra
  4 air elementals
  22 flying skulls
  A jumping spider (shapeshifter) (D:15)
  A shadow (D:9)
  6 spriggans
  15 wraiths
  A fire dragon skeleton (Crypt:2)
  A vampire (D:9)
  3 wyverns
  An elf simulacrum (Vaults:5)
  A naga simulacrum (Abyss:5)
  A dire elephant simulacrum (Abyss:3)
  7 ushabtiu (Crypt:3)
  6 ynoxinuls
  4 basilisks
  A hog (Swamp:2)
  41 yaks
  7 water elementals
  6 fire bats (Abyss:5)
  11 fire elementals
  10 vampire mosquitoes
  A basilisk (shapeshifter) (Vaults:5)
  A redback (Vaults:5)
  13 chaos spawn
  5 swamp worm simulacra (Swamp:4)
  3 golden eyes (Abyss:3)
  2 hogs (shapeshifter)
  A steam dragon (D:6)
  A redback (shapeshifter) (Vaults:5)
  A wind drake skeleton (Crypt:3)
  6 neqoxecs
  An ogre zombie (Vaults:4)
  13 wargs
  21 swamp worms
  32 nagas
  2 spatial vortices (Abyss:3)
  15 hydra simulacra (Swamp:4)
  2 acid dragons (D:13)
  15 water moccasins
  A swamp worm (shapeshifter) (Depths:2)
  2 floating eyes (Depths:4)
  6 black bears
  A swamp drake (Swamp:2)
  12 hell hounds
  17 large abominations
  34 orc warriors
  A sky beast (Abyss:3)
  2 boggarts
  2 ettin simulacra
  3 ice beasts
  3 necrophages
  A human skeleton (Vaults:4)
  12 wolves
  A phantom (D:3)
  8 centaurs
  29 ogres
  12 kobold brigands
  15 small abominations
  4 elf zombies (Elf:1)
  A gnoll sergeant (D:7)
  10 earth elementals
  16 bullfrogs
  2 scorpions
  A draconian skeleton (Crypt:1)
  A wyvern skeleton (D:6)
  A cyclops skeleton (Crypt:3)
  2 water moccasin skeletons (D:5)
  A spriggan zombie (Crypt:1)
  9 killer bees
  3 electric eels
  11 howler monkeys
  8 wights
  2 quasits
  10 centaur zombies
  6 gnoll shamans
  2 hounds
  30 orc priests
  3 jellies
  2 bullfrog skeletons (D:5)
  Crazy Yiuf (D:3)
  2 iguanas
  Ijyb (D:3)
  Terence (D:2)
  Natasha (twice) (D:2)
  26 orc wizards
  4 hell rats
  A deep dwarf zombie (Crypt:2)
  An acid dragon zombie (Crypt:2)
  A tengu skeleton (Crypt:2)
  26 mummies (Crypt:3)
  A howler monkey zombie (D:11)
  21 gnolls
  4 adders
  3 river rats
  3 shadow imps
  A white imp (Abyss:3)
  3 swamp drake simulacra (Swamp:4)
  A halfling zombie (Crypt:3)
  A lava snake skeleton (Crypt:2)
  3 worms
  2 dart slugs (D:5)
  92 orcs
  3 bats
  2 bat zombies (Crypt:1)
  4 endoplasms
  6 giant cockroaches
  4 goblins
  6 hobgoblins
  4 quokkas
  8 ball pythons
  2 dart slug zombies
  A goblin skeleton (Crypt:2)
  A jackal zombie (Crypt:2)
  53 kobolds
  A quokka zombie (Crypt:3)
  14 rats
  A lurking horror (Abyss:2)
  2 starspawn tentacles (Abyss:3)
2642 creatures vanquished.

Vanquished Creatures (collateral kills)
  Vashnia (Snake:3)
  A bone dragon (Tar:4)
  A golden dragon (Vaults:5)
  A Tzitzimitl (Tar:4)
  A hellephant (Vaults:1)
  3 tentacled monstrosities (Vaults:5)
  5 Orb Guardians (Zot:5)
  4 titans (Vaults:5)
  A tainted leviathan (Tar:5)
  A walking divine tome (Depths:2)
  A quicksilver dragon (Zot:1)
  An acid blob (Slime:1)
  2 deep elf blademasters (Elf:3)
  2 tengu reavers
  A storm dragon (Vaults:5)
  2 nagarajas
  A shadow dragon (Vaults:5)
  A draconian monk (Zot:1)
  3 frost giants
  2 draconian knights (Zot:4)
  2 vault wardens (Vaults:5)
  A deep elf sorcerer (Vaults:5)
  3 fire giants
  A spectral caustic shrike (Tar:5)
  4 stone giants
  An ironbound preserver (Vaults:5)
  An orc warlord (Vaults:3)
  A deep elf elementalist (Elf:3)
  A war gargoyle (Vaults:4)
  5 very ugly things
  A reaper (Tar:4)
  2 deep elf demonologists
  2 putrid mouths
  An ironbound thunderhulk (Vaults:1)
  3 eleionomae
  A vampire knight (Depths:2)
  2 white draconians (Zot:4)
  5 dire elephants
  A green draconian (Zot:5)
  A deep elf annihilator (Elf:3)
  A red draconian (Zot:5)
  A bunyip (Swamp:3)
  3 black draconians
  2 yellow draconians
  An eidolon (Tar:5)
  6 ettins
  A fire dragon (Depths:1)
  A jiangshi (Crypt:2)
  A deep elf high priest (Elf:3)
  2 yaktaur captains
  A rakshasa (Depths:3)
  2 great orbs of eyes
  A spectral spriggan (Tar:5)
  3 naga warriors
  3 vault guards
  A salamander tyrant (Snake:4)
  A hydra (Swamp:3)
  A spriggan air mage (Swamp:2)
  2 ironbound frosthearts
  6 anacondas
  5 slime creatures
  A dancing weapon (Elf:2)
  2 shock serpents
  2 hell hogs (Hell)
  3 deep troll shamans
  3 naga sharpshooters
  4 hell knights (Vaults:1)
  A shadow wraith (Tar:7)
  2 deep elf knights (Elf:2)
  A salamander mystic (Snake:4)
  6 iron trolls
  2 skeletal warriors (Crypt:3)
  2 goliath frogs
  A spectral anaconda (Tar:5)
  10 deep trolls
  A spectral iron dragon (Tar:5)
  An orc knight (Vaults:3)
  4 naga ritualists
  3 harpies (Vaults:1)
  A glowing orange brain (Slime:3)
  2 ironbound convokers
  2 phantasmal warriors
  3 deep elf archers
  4 wizards
  2 deep elf pyromancers (Elf:3)
  An orc sorcerer (Elf:2)
  2 will-o-the-wisps (Swamp:1)
  5 mana vipers
  3 deep elf zephyrmancers
  11 ugly things
  2 moths of wrath (Zot:5)
  A cyclops (D:9)
  5 salamanders
  A black mamba (shapeshifter) (Vaults:5)
  3 vault sentinels
  6 naga magi (Snake:4)
  9 black mambas
  A smoke demon (Hell)
  3 guardian serpents (Snake:4)
  2 cane toads
  A centaur skeleton (D:14)
  3 elephants
  A human zombie (Vaults:5)
  A tengu conjurer (D:9)
  5 yaktaurs
  A freezing wraith (Swamp:4)
  A guardian mummy (Crypt:3)
  3 tyrant leeches
  2 blink frogs
  Prince Ribbit (D:7)
  A basilisk (Lair:3)
  2 redbacks (Vaults:5)
  A yaktaur simulacrum (Vaults:5)
  A swamp worm (Swamp:2)
  A swamp worm (shapeshifter) (Elf:3)
  12 nagas
  3 water moccasins (Lair:3)
  2 orc warriors (Vaults:5)
  A kobold brigand (D:14)
  An electric eel (Snake:1)
  An orc priest (D:10)
  2 orc wizards
  2 gnolls
  A howler monkey skeleton (D:7)
  5 orcs
292 creatures vanquished.

Vanquished Creatures (others)
  Jorgrun (Swamp:2)
  The ghost of Zojyxit the Warrior, an adept DjFE of Ashenzari (Snake:1)
  A red draconian (Zot:3)
  The ghost of Juashroff the Eclecticist, a journeyman DECj of Vehumet (Snake:1)
  A spectral spriggan (Tar:5)
  A spriggan air mage (Depths:1)
  A two-headed ogre (D:14)
  A deep troll shaman (Depths:1)
  A deep troll earth mage (Depths:1)
  A sun demon (Hell)
  A deep elf knight (Elf:3)
  An orange demon (Hell)
  A smoke demon (WizLab)
  An anaconda simulacrum (Hell)
  2 bloated husks
  A blink frog (Lair:3)
  A jumping spider (shapeshifter) (Vaults:5)
  An alligator snapping turtle simulacrum (Hell)
  An orc priest (Orc:2)
  3 hell rats (Hell)
  An orc (Vaults:5)
  A kobold (D:6)
  5 ball lightnings (Snake:1)
  4 briar patches (Swamp:3)
  16 foxfires
  42 fungi
  146 plants
  11 starspawn tentacles
  2 withered plants (Snake:1)
251 creatures vanquished.

Grand Total: 3185 creatures vanquished

Notes
Turn   | Place    | Note
-------+----------+-------------------------------------------
     0 | D:1      | azzeron2000 the Demonspawn Ice Elementalist began the quest
                  | for the Orb.
     0 | D:1      | Reached XP level 1. HP: 13/13 MP: 3/3
   268 | D:1      | Gained mutation: Your touch may inflict minor irresistible
                  | damage on your foes. [demonic ancestry]
   268 | D:1      | Reached XP level 2. HP: 20/20 MP: 0/5
   811 | D:1      | Found a faded altar of an unknown god.
  1048 | D:2      | Noticed Terence
  1053 | D:2      | Killed Terence
  1054 | D:2      | Reached skill level 1 in Fighting
  1054 | D:2      | Gained mutation: Spells you cast may paralyse adjacent
                  | enemies. [demonic ancestry]
  1054 | D:2      | Reached XP level 3. HP: 22/26 MP: 2/6
  1105 | D:2      | Noticed an ogre
  1118 | D:2      | Learned a level 3 spell: Frozen Ramparts
  1374 | D:2      | Noticed Natasha
  1388 | D:2      | Killed Natasha
  1389 | D:2      | Gained mutation: Your movements are slightly less
                  | encumbered by armour. (ER -2) [demonic ancestry]
  1389 | D:2      | Reached XP level 4. HP: 22/32 MP: 1/7
  1578 | D:2      | Learned a level 3 spell: Ozocubu's Armour
  1579 | D:2      | Noticed Natasha
  1582 | D:2      | Killed Natasha
  1635 | D:2      | Killed an ogre
  1636 | D:2      | Gained mutation: You are partially covered in sharp spines.
                  | [demonic ancestry]
  1636 | D:2      | Reached XP level 5. HP: 38/38 MP: 5/9
  1731 | D:2      | Reached skill level 5 in Ice Magic
  2246 | D:3      | Found a snail-covered altar of Cheibriados.
  2391 | D:3      | Noticed Ijyb
  2401 | D:3      | Killed Ijyb
  2782 | D:3      | Found a runed translucent door.
  2783 | D:3      | Noticed Crazy Yiuf
  2790 | D:3      | Killed Crazy Yiuf
  2995 | D:3      | Noticed a phantom
  3011 | D:3      | Killed a phantom
  3012 | D:3      | Reached XP level 6. HP: 25/46 MP: 9/11
  4054 | D:4      | Found a glowing drain.
  4073 | Sewer    | Entered a sewer
  4172 | Sewer    | Gained mutation: Your movements are less encumbered by
                  | armour. (ER -4) [demonic ancestry]
  4172 | Sewer    | Reached XP level 7. HP: 52/52 MP: 5/13
  4239 | Sewer    | Learned a level 4 spell: Hailstorm
  4483 | D:4      | Found a staircase to the Ecumenical Temple.
  4501 | Temple   | Entered the Ecumenical Temple
  4675 | Temple   | Became a worshipper of Ashenzari the Shackled
  4875 | D:5      | Entered Level 5 of the Dungeon
  4889 | D:5      | Reached skill level 1 in Conjurations
  5630 | D:5      | Gained mutation: Your touch may inflict irresistible damage
                  | on your foes. [demonic ancestry]
  5630 | D:5      | Reached XP level 8. HP: 61/61 MP: 9/15
  5779 | D:5      | Learned a level 4 spell: Summon Ice Beast
  5989 | D:5      | Reached * piety under Ashenzari
  6030 | D:5      | Reached skill level 1 in Summonings
  6277 | D:6      | Reached XP level 9. HP: 54/68 MP: 10/17
  6603 | D:6      | Learned a level 4 spell: Ice Form
  6777 | D:6      | Found a burning altar of Makhleb.
  7062 | D:7      | Noticed Prince Ribbit
  7181 | D:7      | Killed Prince Ribbit
  7182 | D:7      | Reached skill level 5 in Conjurations
  7637 | D:7      | Reached ** piety under Ashenzari
  7712 | D:7      | Identified the +6 dagger "Muekhlow" {vorpal, rF+ Str+2}
  8701 | D:7      | Found an iron altar of Okawaru.
  8926 | D:8      | Reached skill level 1 in Polearms
  9080 | D:8      | Reached *** piety under Ashenzari
  9118 | D:8      | Reached skill level 10 in Ice Magic
  9123 | D:8      | Reached XP level 10. HP: 30/77 MP: 10/20
  9367 | D:8      | Found Izumuil's Weapon Emporium.
  9610 | D:9      | Noticed a two-headed ogre
  9615 | D:9      | Killed a two-headed ogre
  9745 | D:9      | Found Utwiatag's Antique Weapon Shoppe.
  9767 | D:9      | Noticed Psyche
  9776 | D:9      | Killed Psyche
  9866 | D:9      | Reached skill level 1 in Transmutations
 10089 | D:9      | Noticed a two-headed ogre
 10094 | D:9      | Killed a two-headed ogre
 10095 | D:9      | Reached skill level 5 in Fighting
 10096 | D:9      | Noticed a two-headed ogre
 10106 | D:9      | Killed a two-headed ogre
 10107 | D:9      | Reached skill level 5 in Polearms
 10236 | D:9      | Found a shimmering blue altar of Sif Muna.
 10239 | D:9      | Identified Sif Muna's Disquisition on the Birds
 10414 | D:9      | Noticed a deep elf pyromancer
 10419 | D:9      | Killed a deep elf pyromancer
 10483 | D:9      | Noticed a centaur warrior
 10483 | D:9      | Identified the ring "Ovaqeuc" {EV+4 Str+4 Stlth+}
 10484 | D:9      | Noticed a cyclops
 10496 | D:9      | Reached XP level 11. HP: 63/86 MP: 7/21
 10499 | D:9      | Reached **** piety under Ashenzari
 10551 | D:9      | Killed a centaur warrior
 10615 | D:9      | Identified the +6 spear of Due Proportion {vorpal, rN+}
 10615 | D:9      | Noticed a deep elf pyromancer
 10627 | D:9      | Killed a deep elf pyromancer
 10882 | D:9      | Found an ancient bone altar of Kikubaaqudgha.
 11005 | D:9      | Noticed a boulder beetle
 11024 | D:9      | Killed a boulder beetle
 11035 | D:9      | Identified the Volume of Snow
 11101 | D:9      | Noticed a boulder beetle
 11120 | D:9      | Killed a boulder beetle
 11711 | D:10     | Entered Level 10 of the Dungeon
 11853 | D:10     | Learned a level 5 spell: Borgnjor's Vile Clutch
 12210 | D:10     | Noticed a two-headed ogre
 12213 | D:10     | Killed a two-headed ogre
 12214 | D:10     | Reached skill level 5 in Dodging
 12369 | D:10     | Found a staircase to the Lair.
 13001 | D:11     | Found a staircase to the Orcish Mines.
 13017 | D:11     | Gained mutation: Spells you cast may paralyse nearby
                  | enemies. [demonic ancestry]
 13017 | D:11     | Reached XP level 12. HP: 42/94 MP: 12/22
 14248 | D:11     | Noticed a two-headed ogre
 14254 | D:11     | Killed a two-headed ogre
 14357 | D:11     | Reached skill level 10 in Polearms
 14697 | D:12     | Noticed a two-headed ogre
 14704 | D:12     | Noticed a two-headed ogre
 14707 | D:12     | Killed a two-headed ogre
 14708 | D:12     | Reached skill level 1 in Necromancy
 14713 | D:12     | Killed a two-headed ogre
 14763 | D:12     | Noticed a five-headed hydra
 14861 | Orc:1    | Entered Level 1 of the Orcish Mines
 14877 | Orc:1    | Noticed an orc high priest
 14889 | Orc:1    | Killed an orc high priest
 14890 | Orc:1    | Reached skill level 5 in Spellcasting
 14919 | Orc:1    | Noticed Erica
 14929 | Orc:1    | Killed Erica
 15073 | Orc:1    | Noticed a two-headed ogre
 15073 | Orc:1    | Noticed a two-headed ogre
 15077 | Orc:1    | Noticed a two-headed ogre
 15080 | Orc:1    | Killed a two-headed ogre
 15086 | Orc:1    | Killed a two-headed ogre
 15087 | Orc:1    | Killed a two-headed ogre
 15282 | Orc:1    | Noticed a two-headed ogre
 15282 | Orc:1    | Noticed a two-headed ogre
 15284 | Orc:1    | Noticed an ogre mage
 15284 | Orc:1    | Noticed a two-headed ogre
 15289 | Orc:1    | Killed a two-headed ogre
 15289 | Orc:1    | Killed a two-headed ogre
 15289 | Orc:1    | Killed an ogre mage
 15290 | Orc:1    | Reached skill level 5 in Necromancy
 15290 | Orc:1    | Gained mutation: Your touch may irresistibly damage your
                  | foes and sap their willpower. [demonic ancestry]
 15290 | Orc:1    | Reached XP level 13. HP: 103/103 MP: 6/25
 15395 | Orc:2    | Entered Level 2 of the Orcish Mines
 15402 | Orc:2    | Found Urchac's General Store.
 15409 | Orc:2    | Bought a potion of curing for 39 gold pieces
 15658 | Orc:2    | Found a staircase to the Elven Halls.
 15681 | Orc:2    | Found Isar Ipi's Antique Weapon Boutique.
 15745 | Orc:2    | Found Suhaud's Assorted Antiques.
 15801 | Orc:2    | Bought a scroll of fear for 84 gold pieces
 15801 | Orc:2    | Bought a potion of brilliance for 96 gold pieces
 15801 | Orc:2    | Bought a scroll labelled OPUGEDW QO ISS for 24 gold pieces
 15801 | Orc:2    | Acquired a staff of cold
 16148 | Orc:2    | Noticed Josephine
 16162 | Orc:2    | Killed Josephine
 16610 | Orc:2    | Learned a level 4 spell: Animate Dead
 16680 | Orc:2    | Found Joeppagh's Jewellery Shop.
 16717 | Orc:2    | Bought an amulet of magic regeneration for 390 gold pieces
 16913 | Orc:1    | Identified the cursed +6 trident of Ashenzari's Ordeal
                  | {freeze, Cun, Melee} (You took it off a gnoll sergeant on
                  | level 7 of the Dungeon)
 16913 | Orc:1    | Identified the cursed +0 cloak "Thunder Perfect Mind" {Evo,
                  | Self} (You took it off Crazy Yiuf on level 3 of the
                  | Dungeon)
 16913 | Orc:1    | Identified the cursed +0 helmet of Ashenzari's Disgust
                  | {Self, Bglg} (You found it on level 2 of the Dungeon)
 16913 | Orc:1    | Identified the cursed +0 pair of boots "Entitlement of the
                  | Sky" {Bglg, Melee} (You found it on level 3 of the Dungeon)
 16998 | Orc:2    | Reached skill level 1 in Earth Magic
 17004 | Orc:2    | Found Foudisir's Magic Scroll Shoppe.
 17005 | Orc:2    | Found Dips's Assorted Antiques.
 17006 | Orc:2    | Found Qoan's General Store.
 17019 | Orc:2    | Found Hosh's Antique Weapon Shoppe.
 17025 | Orc:2    | Bought a scroll labelled HIJOUPNEMOCH for 19 gold pieces
 17025 | Orc:2    | Bought a pearl ring for 95 gold pieces
 17025 | Orc:2    | Bought an orange potion for 17 gold pieces
 17186 | Orc:2    | Found Qoxtud's Distillery.
 17203 | Orc:2    | Bought a potion of magic for 144 gold pieces
 17203 | Orc:2    | Bought a potion of invisibility for 144 gold pieces
 17203 | Orc:2    | Bought a potion of curing for 54 gold pieces
 17203 | Orc:2    | Bought a potion of magic for 144 gold pieces
 18222 | Lair:1   | Entered Level 1 of the Lair of Beasts
 19165 | Lair:2   | Acquired the ring of Musiph {AC+4 Dex+4}
 20034 | Lair:3   | Reached skill level 5 in Earth Magic
 20034 | Lair:3   | Reached XP level 14. HP: 108/108 MP: 10/26
 20339 | Lair:3   | Noticed Nefuv's ghost (journeyman MiBe)
 20343 | Lair:3   | Found a transporter.
 20372 | Lair:3   | Found a transporter.
 20380 | Lair:3   | Killed Nefuv's ghost
 20528 | Lair:3   | Found a staircase to the Swamp.
 20644 | Lair:3   | Identified the cursed +0 helmet "Restrained Pessimism"
                  | {Cun, Self} (You found it on level 1 of the Lair of Beasts)
 20779 | Lair:3   | Acquired a book of Iron
 20789 | Lair:3   | Learned a level 6 spell: Iron Shot
 21066 | Lair:4   | Found a staircase to the Snake Pit.
 22483 | Lair:5   | Found an ornate altar of the Wu Jian Council.
 22928 | Lair:5   | Found a staircase to the Slime Pits.
 23361 | Lair:6   | Entered Level 6 of the Lair of Beasts
 23530 | Lair:6   | Noticed Nessos
 23539 | Lair:6   | Killed Nessos
 23540 | Lair:6   | Gained mutation: Your movements are significantly less
                  | encumbered by armour. (ER -6) [demonic ancestry]
 23540 | Lair:6   | Reached XP level 15. HP: 80/117 MP: 22/30
 24021 | Lair:6   | Gained mutation: You have a pair of small horns on your
                  | head. [potion of mutation]
 24022 | Lair:6   | Lost mutation: You have a pair of small horns on your head.
                  | [potion of mutation]
 24022 | Lair:6   | Gained mutation: Your body sometimes deteriorates upon
                  | taking damage. [potion of mutation]
 24022 | Lair:6   | Gained mutation: Your natural rate of healing is unusually
                  | fast. [potion of mutation]
 24023 | Lair:6   | Lost mutation: Your body sometimes deteriorates upon taking
                  | damage. [potion of mutation]
 24023 | Lair:6   | Lost mutation: Your natural rate of healing is unusually
                  | fast. [potion of mutation]
 24023 | Lair:6   | Gained mutation: Your magical capacity is low. (-10% MP)
                  | [potion of mutation]
 24023 | Lair:6   | Gained mutation: Your natural rate of healing is unusually
                  | fast. [potion of mutation]
 24023 | Lair:6   | Gained mutation: You expend magic power (3 MP) to
                  | strengthen your wands. [potion of mutation]
 24024 | Lair:6   | Lost mutation: You expend magic power (3 MP) to strengthen
                  | your wands. [potion of mutation]
 24024 | Lair:6   | Lost mutation: Your magical capacity is low. (-10% MP)
                  | [potion of mutation]
 24024 | Lair:6   | Lost mutation: Your natural rate of healing is unusually
                  | fast. [potion of mutation]
 24024 | Lair:6   | Gained mutation: You are frail. (-10% HP) [potion of
                  | mutation]
 24024 | Lair:6   | Gained mutation: You have hidden genetic potential. [potion
                  | of mutation]
 24024 | Lair:6   | Lost mutation: You are frail. (-10% HP) [potion of
                  | mutation]
 24024 | Lair:6   | Gained mutation: Your system is resistant to poisons.
                  | (rPois) [potion of mutation]
 24199 | Lair:6   | Reached skill level 1 in Armour
 24628 | Lair:6   | Reached ***** piety under Ashenzari
 24758 | Lair:6   | Identified the +7 chain mail of the Sun {Drain Dex+7 SInv}
 26076 | D:12     | Learned a level 6 spell: Death Channel
 26283 | D:12     | Identified the +1 scale mail of the Blessed Realm {rF+
                  | Will+ Str+4}
 26359 | D:12     | Noticed Azrael
 26364 | D:12     | Killed Azrael
 27183 | D:13     | Reached skill level 10 in Spellcasting
 27190 | D:13     | Found a gate leading to a gauntlet.
 27199 | Gauntlet | Entered a Gauntlet
 27199 | Gauntlet | Found a transporter.
 27199 | Gauntlet | Found a transporter.
 27202 | Gauntlet | Found a transporter.
 27206 | Gauntlet | Found a transporter.
 27220 | Gauntlet | Found a transporter.
 27235 | Gauntlet | Found a transporter.
 27239 | Gauntlet | Found a transporter.
 27251 | Gauntlet | Identified the amulet "Loitz" {Acrobat rF+ Regen+ rCorr}
 27252 | Gauntlet | Found a transporter.
 27267 | Gauntlet | Found a transporter.
 27268 | Gauntlet | Identified the ring of Skepticism {Ice Str+3 Int+3 SInv
                  | Stlth+}
 27358 | Gauntlet | Found a transporter.
 27366 | Gauntlet | Found a transporter.
 27370 | Gauntlet | Found a transporter.
 27419 | Gauntlet | Paralysed by a hornet for 3 turns
 27475 | Gauntlet | Identified the ring "Wuomey" {rCorr MP+9}
 27475 | Gauntlet | Identified Jefinn's Catalogue of the Enthralling Birds
 27475 | Gauntlet | Identified the ring "Wousamag" {rC++ AC+4 Dex+2 Slay+3}
 27807 | D:13     | Reached skill level 1 in Shields
 28463 | D:13     | Reached XP level 16. HP: 121/121 MP: 32/32
 28823 | D:14     | Found Wauloyd's Antique Armour Shoppe.
 28826 | D:14     | Bought a polished cloak for 313 gold pieces
 28826 | D:14     | Identified the +0 cloak of Imperfection {rPois rCorr} (You
                  | bought it in a shop on level 14 of the Dungeon)
 28888 | D:14     | Noticed a tengu reaver
 28891 | D:14     | Killed a tengu reaver
 28972 | D:14     | Identified the Disquisition on Orientation
 28978 | D:14     | Identified the +9 scimitar of Disintegration {spect, rC+
                  | Int+4}
 29066 | D:14     | Found a hide-covered altar of Uskayaw.
 29135 | D:14     | Gained mutation: You have a pair of small antennae on your
                  | head. [hidden potential]
 29458 | D:14     | Found a gate to the Vaults.
 29929 | D:14     | Noticed a tengu reaver
 29933 | D:14     | Killed a tengu reaver
 29934 | D:14     | Reached skill level 10 in Conjurations
 29947 | D:14     | Reached skill level 5 in Shields
 30399 | Swamp:1  | Entered Level 1 of the Swamp
 30794 | Swamp:1  | Acquired a scarf of resistance
 30801 | Swamp:1  | Acquired a +3 vampiric demon trident
 30815 | Swamp:1  | Acquired azzeron2000's Almanac of Necromancy and Changing
 30918 | Lair:1   | Learned a level 2 spell: Sublimation of Blood
 30921 | Lair:1   | Learned a level 2 spell: Passwall
 31041 | Orc:2    | Bought a scroll of acquirement for 780 gold pieces
 31041 | Orc:2    | Bought a potion of heal wounds for 75 gold pieces
 31041 | Orc:2    | Acquired the +2 pair of boots of Death Resistance {Regen+
                  | Slay+2}
 31097 | Orc:2    | Bought the ring of the Harvest {rElec rC+} for 507 gold
                  | pieces
 32383 | Swamp:2  | Noticed a tentacled monstrosity
 32624 | Swamp:2  | Noticed a thorn hunter
 32637 | Swamp:2  | Killed a thorn hunter
 33050 | Swamp:2  | Killed a tentacled monstrosity
 33156 | Swamp:2  | Noticed Jorgrun
 33176 | Swamp:2  | Killed Jorgrun
 33196 | Swamp:2  | Reached XP level 17. HP: 64/126 MP: 3/32
 33400 | Swamp:2  | Noticed Nikola
 33420 | Swamp:2  | Killed Nikola
 33751 | Swamp:2  | Noticed Kirke
 33756 | Swamp:2  | Killed Kirke
 33914 | Swamp:2  | Gained mutation: You have sharp toenails. [hidden
                  | potential]
 33914 | Swamp:2  | Lost mutation: You have hidden genetic potential. [hidden
                  | potential expressed]
 34196 | Swamp:3  | Identified Roxanne's Collected Works on the Rocks
 34196 | Swamp:3  | Noticed Roxanne
 34316 | Swamp:3  | Reached skill level 5 in Armour
 34354 | Swamp:3  | Noticed Mara
 34361 | Swamp:3  | Noticed azzeron2000's illusion
 34365 | Swamp:3  | Killed Mara
 34366 | Swamp:3  | Reached skill level 10 in Necromancy
 34461 | Swamp:3  | Found a transporter.
 34466 | Swamp:3  | Noticed protoss039's ghost (adept DsCj)
 34491 | Swamp:3  | Identified the ring of Pazxin {rF+ rN+ rCorr Stlth+}
 34782 | Swamp:3  | Found a transporter.
 35567 | Swamp:4  | Entered Level 4 of the Swamp
 35604 | Swamp:4  | Reached skill level 10 in Fighting
 37295 | Swamp:4  | Got a decaying rune of Zot
 37644 | Lair:1   | Learned a level 6 spell: Simulacrum
 37724 | Snake:1  | Entered Level 1 of the Snake Pit
 37927 | Snake:1  | Found Ateilay's General Store.
 37933 | Snake:1  | Bought a scroll of enchant armour for 142 gold pieces
 37988 | Snake:1  | Found Uvimm's Armour Shop.
 38003 | Snake:1  | Found Ubbefu's Jewellery Boutique.
 38003 | Snake:1  | Found Makomy Bevu's Assorted Antiques.
 38025 | Snake:1  | Found Xapiol's Weapon Boutique.
 38036 | Snake:1  | Bought a scroll of blinking for 262 gold pieces
 38299 | Snake:1  | Noticed Rupert
 38321 | Snake:1  | Killed Rupert
 38682 | Snake:1  | Found a runed translucent gate.
 38683 | Snake:1  | Found a runed translucent gate.
 38850 | Snake:1  | Found a runed translucent gate.
 38853 | Snake:1  | Noticed Juashroff's ghost (journeyman DECj)
 38853 | Snake:1  | Noticed Soawkar's ghost (adept GrFi)
 38853 | Snake:1  | Noticed Zojyxit's ghost (adept DjFE)
 38853 | Snake:1  | Noticed Gygal Fez's ghost (adept MiFi)
 39073 | Snake:1  | Found Faokeefra's Antique Armour Shop.
 39081 | Snake:1  | Bought a runed hat for 161 gold pieces
 39276 | Snake:1  | Identified the amulet "Qeynaar" {RegenMP rPois Slay+2}
 39359 | Snake:1  | Killed Juashroff's ghost
 39364 | Snake:1  | Killed Soawkar's ghost
 39381 | Snake:1  | Killed Zojyxit's ghost
 39429 | Snake:1  | Killed Gygal Fez's ghost
 39430 | Snake:1  | Gained mutation: Spells you cast and wands you use may
                  | paralyse nearby enemies. [demonic ancestry]
 39430 | Snake:1  | Reached XP level 18. HP: 66/140 MP: 12/35
 41256 | Snake:3  | Found Zeafforph's Book Boutique.
 41870 | Snake:3  | Noticed Vashnia
 41895 | Snake:3  | Killed Vashnia
 42161 | Snake:3  | Learned a level 5 spell: Irradiate
 42211 | Snake:3  | Found Quarixy's Antique Weapon Boutique.
 42399 | Snake:4  | Entered Level 4 of the Snake Pit
 42636 | Snake:4  | Found Wacen's Mayhem Merchandise.
 42861 | Snake:4  | Identified the +5 long sword of Ziuluokiky {pain, rCorr
                  | Int+2}
 43675 | Snake:4  | Got a serpentine rune of Zot
 43717 | Snake:4  | Learned a level 4 spell: Dispel Undead
 44211 | Vaults:1 | Entered Level 1 of the Vaults
 44245 | Vaults:1 | Reached XP level 19. HP: 140/155 MP: 19/39
 44882 | Vaults:1 | Reached skill level 10 in Earth Magic
 45080 | Vaults:1 | Found a huge runed gate.
 45080 | Vaults:1 | Found a huge runed gate.
 45080 | Vaults:1 | Found a huge runed gate.
 45080 | Vaults:1 | Found a huge runed gate.
 45080 | Vaults:1 | Found a huge runed gate.
 45080 | Vaults:1 | Found a huge runed gate.
 45080 | Vaults:1 | Found a huge runed gate.
 45080 | Vaults:1 | Found a huge runed gate.
 45081 | Vaults:1 | Found a huge runed gate.
 45081 | Vaults:1 | Found a huge runed gate.
 45082 | Vaults:1 | Found a huge runed gate.
 45083 | Vaults:1 | Found a huge runed gate.
 45094 | Vaults:1 | Noticed a hellephant
 45105 | Vaults:1 | Noticed a hellephant
 45953 | Vaults:1 | Killed a hellephant
 45968 | Vaults:1 | Killed a hellephant
 46402 | Vaults:2 | Reached ****** piety under Ashenzari
 46443 | Vaults:2 | Reached skill level 10 in Dodging
 47053 | Vaults:2 | Found Myubies's Antique Armour Shoppe.
 47069 | Vaults:2 | Bought a pair of ichor-stained boots for 323 gold pieces
 47069 | Vaults:2 | Identified the +0 pair of boots of Rotation {Fly} (You
                  | bought it in a shop on level 2 of the Vaults)
 47192 | Vaults:2 | Gained mutation: Your presence sometimes corrodes those you
                  | injure. [demonic ancestry]
 47192 | Vaults:2 | Reached XP level 20. HP: 166/167 MP: 27/41
 47199 | Vaults:2 | Reached skill level 10 in Shields
 47366 | Vaults:2 | Learned a level 2 spell: Wereblood
 47500 | Vaults:2 | Reached skill level 5 in Transmutations
 48413 | Vaults:3 | Found a staircase to the Crypt.
 50145 | Vaults:4 | Paralysed by a sphinx for 4 turns
 50272 | Vaults:4 | Noticed Frederick
 50272 | Vaults:4 | Noticed Bai Suzhen
 50293 | Vaults:4 | Killed Frederick
 50515 | Vaults:4 | Killed Bai Suzhen
 50616 | Vaults:4 | Noticed Margery
 50628 | Vaults:4 | Reached skill level 10 in Armour
 50632 | Vaults:4 | Killed Margery
 51114 | Vaults:5 | Entered Level 5 of the Vaults
 51538 | Lair:1   | Learned a level 8 spell: Borgnjor's Revivification
 51647 | D:15     | Entered Level 15 of the Dungeon
 52092 | D:15     | Found a staircase to the Depths.
 52241 | D:15     | Found Daodial's Desiderata Depot.
 52386 | D:15     | Reached skill level 1 in Long Blades
 52666 | Depths:1 | Entered Level 1 of the Depths
 52688 | Depths:1 | Gained mutation: Your presence sometimes corrodes or
                  | deforms those you injure. [demonic ancestry]
 52688 | Depths:1 | Reached XP level 21. HP: 176/176 MP: 29/42
 52811 | Depths:1 | Noticed a caustic shrike
 52884 | Depths:1 | Killed a caustic shrike
 53156 | Depths:1 | Reached skill level 5 in Long Blades
 53573 | Depths:1 | Identified the +7 whip of Cumitig {vorpal, rF- rC+++ Str+2
                  | Int-4}
 53575 | Depths:1 | Found a gateway to Hell.
 53575 | Depths:1 | Identified the +6 chain mail of an ice cave {rN++}
 53933 | Depths:1 | Found a one-way gateway to a ziggurat.
 54257 | Depths:1 | Found a shimmering altar of Xom.
 54366 | Depths:2 | Found a magical portal.
 54372 | WizLab   | Entered The Hall of the Hellbinder
 54539 | WizLab   | Gained mutation: You are weak. (Str -2) [a neqoxec]
 54687 | WizLab   | Noticed Parowoiz
 54696 | WizLab   | Gained mutation: Your magical capacity is low. (-10% MP) [a
                  | cacodemon]
 55137 | WizLab   | Killed Parowoiz the Hellbinder
 55306 | WizLab   | Found a burning altar of Makhleb.
 55342 | WizLab   | Lost mutation: You have a pair of small antennae on your
                  | head. [potion of mutation]
 55342 | WizLab   | Lost mutation: Your magical capacity is low. (-10% MP)
                  | [potion of mutation]
 55342 | WizLab   | Lost mutation: Your system is resistant to poisons. (rPois)
                  | [potion of mutation]
 55342 | WizLab   | Gained mutation: You are clumsy. (Dex -2) [potion of
                  | mutation]
 55342 | WizLab   | Gained mutation: You are robust. (+10% HP) [potion of
                  | mutation]
 55356 | WizLab   | Identified the Papyrus of the Escort
 55708 | Lair:1   | Lost mutation: You are weak. (Str -2) [potion of mutation]
 55708 | Lair:1   | Lost mutation: You are clumsy. (Dex -2) [potion of
                  | mutation]
 55708 | Lair:1   | Lost mutation: You have sharp toenails. [potion of
                  | mutation]
 55708 | Lair:1   | Gained mutation: You possess an exceptional clarity of
                  | mind. [potion of mutation]
 55708 | Lair:1   | Gained mutation: You are dopey. (Int -2) [potion of
                  | mutation]
 55708 | Lair:1   | Gained mutation: You have an increased reservoir of magic.
                  | (+10% MP) [potion of mutation]
 55709 | Lair:1   | Lost mutation: You possess an exceptional clarity of mind.
                  | [potion of mutation]
 55709 | Lair:1   | Lost mutation: You are robust. (+10% HP) [potion of
                  | mutation]
 55709 | Lair:1   | Gained mutation: You sometimes lose the ability to read
                  | scrolls when taking damage. [potion of mutation]
 55710 | Lair:1   | Lost mutation: You are dopey. (Int -2) [potion of mutation]
 55710 | Lair:1   | Lost mutation: You have an increased reservoir of magic.
                  | (+10% MP) [potion of mutation]
 55710 | Lair:1   | Gained mutation: Your muscles are strong. (Str +2) [potion
                  | of mutation]
 55710 | Lair:1   | Lost mutation: Your muscles are strong. (Str +2) [potion of
                  | mutation]
 55710 | Lair:1   | Gained mutation: You are frail. (-10% HP) [potion of
                  | mutation]
 55711 | Lair:1   | Lost mutation: You are frail. (-10% HP) [potion of
                  | mutation]
 55711 | Lair:1   | Lost mutation: You sometimes lose the ability to read
                  | scrolls when taking damage. [potion of mutation]
 55711 | Lair:1   | Gained mutation: You tend to lose your temper in combat.
                  | [potion of mutation]
 55711 | Lair:1   | Gained mutation: You have hidden genetic potential. [potion
                  | of mutation]
 55711 | Lair:1   | Gained mutation: You expend magic power (3 MP) to
                  | strengthen your wands. [potion of mutation]
 55712 | Lair:1   | Lost mutation: You have hidden genetic potential. [potion
                  | of mutation]
 55712 | Lair:1   | Lost mutation: You expend magic power (3 MP) to strengthen
                  | your wands. [potion of mutation]
 55712 | Lair:1   | Lost mutation: You tend to lose your temper in combat.
                  | [potion of mutation]
 55712 | Lair:1   | Gained mutation: Your spells are a little easier to cast,
                  | but a little less powerful. [potion of mutation]
 55712 | Lair:1   | Gained mutation: You are occasionally teleported next to
                  | monsters. [potion of mutation]
 55713 | Lair:1   | Lost mutation: You are occasionally teleported next to
                  | monsters. [potion of mutation]
 55713 | Lair:1   | Lost mutation: Your spells are a little easier to cast, but
                  | a little less powerful. [potion of mutation]
 55713 | Lair:1   | Gained mutation: You have a pair of small horns on your
                  | head. [potion of mutation]
 55713 | Lair:1   | Gained mutation: You have sharp toenails. [potion of
                  | mutation]
 55713 | Lair:1   | Gained mutation: Your mind is acute. (Int +2) [potion of
                  | mutation]
 55713 | Lair:1   | Gained mutation: Your system is resistant to poisons.
                  | (rPois) [potion of mutation]
 56832 | Depths:2 | Reached skill level 10 in Long Blades
 56856 | Depths:2 | Gained mutation: You are mostly covered in sharp spines.
                  | [demonic ancestry]
 56856 | Depths:2 | Reached XP level 22. HP: 113/182 MP: 19/43
 57205 | Depths:2 | Found a one-way gate leading to the halls of Pandemonium.
 58060 | Depths:3 | Noticed a royal mummy
 58069 | Depths:3 | Killed a royal mummy
 58147 | Depths:3 | Noticed a royal mummy
 58147 | Depths:3 | Found the +7 sceptre of Torment {pain, torment}
 58164 | Depths:3 | Noticed a royal mummy
 58359 | Depths:3 | Found a one-way gate to the infinite horrors of the Abyss.
 58598 | Depths:3 | Found a runed translucent door.
 58602 | Depths:3 | Noticed Bofel's ghost (veteran HuFi)
 58630 | Depths:3 | Killed Bofel's ghost
 58631 | Depths:3 | Identified the +9 gold dragon scales "Muist" {Fly rPois rF+
                  | rC+ Str+4 Dex-4}
 58647 | Depths:3 | Found a gateway to a bazaar.
 59176 | Depths:4 | Entered Level 4 of the Depths
 59336 | Depths:4 | Paralysed by a floating eye for 2 turns
 59423 | Depths:4 | Found a gate to the Realm of Zot.
 59712 | Depths:4 | Noticed a golden dragon
 59718 | Depths:4 | Killed a golden dragon
 59865 | Depths:4 | Noticed Mennas
 59891 | Depths:4 | Killed Mennas
 60296 | Depths:4 | Paralysed by a floating eye for 2 turns
 61356 | Elf:1    | Entered Level 1 of the Elven Halls
 61453 | Elf:1    | Identified the Tome of Dark Magic
 62270 | Elf:2    | Found Belid's Distillery.
 62273 | Elf:2    | Bought a potion of heal wounds for 70 gold pieces
 62273 | Elf:2    | Bought a potion of heal wounds for 70 gold pieces
 62273 | Elf:2    | Bought 2 potions of berserk rage for 140 gold pieces
 62273 | Elf:2    | Bought a potion of heal wounds for 70 gold pieces
 62273 | Elf:2    | Bought a potion of brilliance for 56 gold pieces
 62273 | Elf:2    | Bought a potion of curing for 42 gold pieces
 62273 | Elf:2    | Bought a potion of curing for 42 gold pieces
 62367 | Elf:2    | Found Resauxox's Book Shop.
 62398 | Elf:2    | Reached XP level 23. HP: 179/190 MP: 16/44
 62444 | Elf:2    | Found Koekhaol's Armour Boutique.
 62878 | Elf:2    | Found a runed translucent gate.
 62878 | Elf:2    | Found a runed translucent gate.
 62884 | Elf:2    | Found a runed translucent gate.
 63000 | Elf:2    | Reached skill level 15 in Necromancy
 63407 | Elf:2    | Found Eleddos's Distillery.
 63412 | Elf:2    | Bought a potion of brilliance for 52 gold pieces
 63412 | Elf:2    | Bought a potion of magic for 104 gold pieces
 63412 | Elf:2    | Bought a potion of mutation for 104 gold pieces
 63412 | Elf:2    | Bought a potion of might for 52 gold pieces
 63460 | Elf:2    | Found Yteod's Distillery.
 63463 | Elf:2    | Paralysed by an air elemental for 1 turns
 63473 | Elf:2    | Bought a potion of heal wounds for 90 gold pieces
 63473 | Elf:2    | Bought a potion of curing for 54 gold pieces
 63599 | Elf:3    | Entered Level 3 of the Elven Halls
 63601 | Elf:3    | Reached skill level 1 in Air Magic
 63680 | Elf:3    | Found Idwo's General Store.
 63689 | Elf:3    | Bought a potion of curing for 45 gold pieces
 63689 | Elf:3    | Bought a scroll of teleportation for 45 gold pieces
 63800 | Elf:3    | Paralysed by an air elemental for 1 turns
 63802 | Elf:3    | Paralysed by an air elemental for 1 turns
 64085 | Elf:3    | Identified the ring "Kupudaps" {Will+ rCorr Dex+3}
 64205 | Elf:3    | Learned a level 3 spell: Swiftness
 64337 | Elf:3    | Paralysed by an air elemental for 1 turns
 64437 | Elf:3    | Identified the +6 plate armour of Youthful Indiscretion
                  | {Str+2}
 64518 | Elf:3    | Identified the +3 broad axe "Afrikk" {flame, Str+2}
 64518 | Elf:3    | Identified the +1 leather armour of Ziluanem {rN++ MP+9
                  | Int+4 Dex-2}
 64648 | Elf:3    | Identified the +0 scale mail of Cudom {+Inv rC+ rN++ Str-2
                  | SInv}
 64649 | Elf:3    | Identified Haamougu's Collected Works on Stones and Calling
 64777 | Elf:3    | Identified the +5 hand axe of Drought {venom, rElec Will+
                  | Dex+2}
 64785 | Elf:3    | Identified the +2 leather armour "Sunotz Otye" {Will+
                  | Str+5}
 65074 | Lair:1   | Learned a level 7 spell: Haunt
 65365 | Vaults:4 | Reached skill level 5 in Summonings
 65963 | Vaults:5 | Reached skill level 15 in Armour
 66018 | Vaults:5 | Identified the +5 hand axe "Isirr" {vorpal, rF- rC+ Str+4
                  | Dex+9}
 66036 | Vaults:5 | Identified the ring of Azaimpecs {Wiz +Blink rPois rF-
                  | rN+++}
 66039 | Vaults:5 | Noticed an ancient lich
 66040 | Vaults:5 | Reached XP level 24. HP: 111/202 MP: 27/46
 66054 | Vaults:5 | Killed an ancient lich
 66130 | Vaults:5 | HP: 8/203 [titan/the air (23)]
 66131 | Vaults:5 | Identified the +5 halberd of Dismay {vorpal, rF+ rN+}
 66140 | Vaults:5 | Got a silver rune of Zot
 66147 | Vaults:5 | Identified the +8 plate armour "Qicosmur" {+Blink rN++}
 66496 | Vaults:5 | Identified the +0 pair of gloves of the Hanged Man {Str+3
                  | Int+2}
 66537 | Vaults:5 | Identified the Grimoire of Supportive Ignition
 66539 | Vaults:5 | Found the +3 Mad Mage's Maulers {Infuse+∞ RegenMP Int-3}
 66654 | Vaults:5 | Found Ecomizul's Distillery.
 66968 | Vaults:5 | Identified the +4 whip of Virtue {pain, rElec rF+ Str-5
                  | Int+5}
 66968 | Vaults:5 | Identified the ring "Getank" {rN+ MP+9 Str+3}
 67280 | Vaults:5 | Bought a potion of curing for 69 gold pieces
 67280 | Vaults:5 | Bought a potion of heal wounds for 115 gold pieces
 67280 | Vaults:5 | Bought a potion of curing for 69 gold pieces
 67280 | Vaults:5 | Bought a potion of invisibility for 184 gold pieces
 67280 | Vaults:5 | Bought a potion of haste for 230 gold pieces
 67280 | Vaults:5 | Bought a potion of curing for 69 gold pieces
 67280 | Vaults:5 | Bought a potion of curing for 69 gold pieces
 67280 | Vaults:5 | Bought a potion of curing for 69 gold pieces
 67776 | Slime:1  | Entered Level 1 of the Pits of Slime
 67804 | Slime:1  | Reached skill level 15 in Fighting
 67970 | Slime:5  | Entered Level 5 of the Pits of Slime
 68025 | Slime:5  | Reached skill level 15 in Spellcasting
 68048 | Slime:5  | Identified the +0 whip "Puhihyno" {vorpal, Dex+7 Stlth-}
 68049 | Slime:5  | Noticed the Royal Jelly
 68050 | Slime:5  | Found a viscous altar of Jiyva.
 68053 | Slime:5  | Identified the ring "Quelyon" {rC+ Str+3 Dex-2 SInv}
 68149 | Slime:5  | Identified the Almanac of Fire and Execration
 68155 | Slime:5  | Identified the +6 ring mail of the Present {Rampage}
 68155 | Slime:5  | Identified the +7 arbalest of Urgency {flame, Contam Str+3
                  | Stlth+}
 68155 | Slime:5  | Identified the +0 scale mail "Ocuukoth" {Str+5}
 68156 | Slime:5  | Identified the +1 mace of Past Mistakes {vorpal, Str-3
                  | Dex+9}
 68411 | Slime:5  | Killed the Royal Jelly
 68624 | Slime:5  | Got a slimy rune of Zot
 69349 | Zot:1    | Entered Level 1 of the Realm of Zot
 69913 | Zot:1    | Gained mutation: You can speak a Word of Chaos. [demonic
                  | ancestry]
 69913 | Zot:1    | Reached XP level 25. HP: 202/210 MP: 46/46
 73332 | Zot:5    | Entered Level 5 of the Realm of Zot
 73383 | Zot:5    | Found a runed translucent door.
 73387 | Zot:5    | Noticed simples's ghost (master HOBe)
 73436 | Zot:5    | Killed simples's ghost
 74211 | Lair:1   | Learned a level 8 spell: Necromutation
 74527 | Crypt:1  | Entered Level 1 of the Crypt
 74535 | Crypt:1  | Noticed Waammiq's ghost (veteran GrEE)
 74535 | Crypt:1  | Identified Biud's Disquisition on Earth
 74954 | Crypt:1  | Found a runed translucent door.
 75330 | Crypt:1  | Killed Waammiq's ghost
 75463 | Crypt:2  | Gained mutation: You are completely covered in sharp
                  | spines. [demonic ancestry]
 75463 | Crypt:2  | Reached XP level 26. HP: 218/218 MP: 48/48
 75544 | Crypt:2  | Noticed Sojobo
 75686 | Crypt:2  | Killed Sojobo
 75986 | Crypt:2  | Identified the +1 battleaxe of Gixker Lehe {vamp, rC+
                  | Dex+5}
 76018 | Crypt:2  | Found an ancient bone altar of Kikubaaqudgha.
 76283 | Crypt:2  | Identified the +0 pair of gloves of the Eagle {Str+3 Dex+2}
 76293 | Crypt:2  | Noticed Heot Zafel's ghost (veteran MiGl)
 76319 | Crypt:2  | Noticed a dread lich
 76321 | Crypt:2  | Found a transporter.
 76327 | Crypt:2  | Killed a dread lich
 76329 | Crypt:2  | Found a transporter.
 76586 | Crypt:3  | Entered Level 3 of the Crypt
 77179 | Crypt:3  | Noticed Jory
 77268 | Crypt:3  | Killed Jory
 77556 | Crypt:3  | Found a basalt altar of Yredelemnul.
 77569 | Crypt:3  | Identified the ring of the Elephant {rElec rN+ Str+5}
 77571 | Crypt:3  | Identified the ring of Finality {rN+ Slay+4}
 77574 | Crypt:3  | Identified the ring of the Scarab {rElec rN+ Will+}
 77574 | Crypt:3  | Noticed a royal mummy
 77584 | Crypt:3  | Killed a royal mummy
 78475 | Crypt:3  | Found a staircase to the Tomb.
 78714 | Crypt:3  | Learned a level 7 spell: Ozocubu's Refrigeration
 79157 | Depths:3 | Voluntarily entered the Abyss.
 79157 | Abyss:1  | Found a corrupted altar of Lugonu.
 79321 | Abyss:1  | Found a broken altar of Ashenzari.
 79517 | Abyss:2  | Found a corrupted altar of Lugonu.
 79562 | Abyss:2  | Found an ancient bone altar of Kikubaaqudgha.
 79936 | Abyss:3  | Paralysed by accursed screaming for 1 turns
 80131 | Abyss:3  | Paralysed by accursed screaming for 1 turns
 80136 | Abyss:3  | HP: 7/219 [starcursed mass/accursed screaming (7)]
 80136 | Abyss:3  | Paralysed by accursed screaming for 1 turns
 80252 | Abyss:3  | Found a corrupted altar of Lugonu.
 80347 | Abyss:3  | Found a corrupted altar of Lugonu.
 80524 | Abyss:3  | Found a corrupted altar of Lugonu.
 80869 | Abyss:4  | Found an ancient bone altar of Kikubaaqudgha.
 80906 | Abyss:5  | Entered Level 5 of the Abyss
 80930 | Abyss:5  | Found a corrupted altar of Lugonu.
 80968 | Abyss:5  | Noticed a dread lich
 80979 | Abyss:5  | Killed a dread lich
 81016 | Abyss:5  | Identified the cursed +2 hat of the Celestial Loss {SInv,
                  | Cun, Self} (You bought it in a shop on level 1 of the Snake
                  | Pit)
 81019 | Abyss:5  | Reached skill level 10 in Transmutations
 81019 | Abyss:5  | Reached XP level 27. HP: 151/226 MP: 21/49
 81019 | Abyss:5  | Got an abyssal rune of Zot
 81133 | Depths:3 | Escaped the Abyss
 81156 | Bazaar   | Entered a bazaar
 81156 | Bazaar   | Found Kargh's General Store.
 81156 | Bazaar   | Found Zaepsyet's General Store.
 81176 | Bazaar   | Found Murghoavich's General Store.
 81176 | Bazaar   | Found Reicaff's General Store.
 81187 | Bazaar   | Bought a scroll of acquirement for 624 gold pieces
 81198 | Bazaar   | Found Hoekem's General Store.
 81198 | Bazaar   | Found Veyfocont's General Store.
 81208 | Bazaar   | Bought a potion of resistance for 120 gold pieces
 81208 | Bazaar   | Bought a scroll of teleportation for 36 gold pieces
 81208 | Bazaar   | Bought a scroll of enchant armour for 90 gold pieces
 81219 | Bazaar   | Found Veqinuut's General Store.
 81219 | Bazaar   | Found Qiunadar's General Store.
 81226 | Bazaar   | Bought a potion of flight for 33 gold pieces
 81226 | Bazaar   | Bought a scroll of amnesia for 38 gold pieces
 81226 | Bazaar   | Bought a scroll of enchant armour for 82 gold pieces
 81226 | Bazaar   | Bought a potion of heal wounds for 55 gold pieces
 81248 | Bazaar   | Bought a book of Annihilations for 960 gold pieces
 81423 | Depths:3 | Killed a royal mummy
 81580 | Depths:3 | Killed a royal mummy
 81771 | Hell     | Entered the Vestibule of Hell
 81771 | Hell     | Noticed Geryon
 81771 | Hell     | Found a gateway to the freezing wastes of Cocytus.
 82178 | Hell     | Noticed Murray
 82827 | Depths:3 | Killed Murray
 82974 | Depths:3 | Gained mutation: Your magical capacity is low. (-10% MP)
                  | [mutagenic glow]
 82986 | Depths:3 | Gained mutation: Armour fits poorly on your strangely
                  | shaped body. [mutagenic glow]
 83013 | Depths:3 | Lost mutation: Your system is resistant to poisons. (rPois)
                  | [mutagenic glow]
 83248 | Hell     | Killed Geryon
 83448 | Depths:3 | Lost mutation: Armour fits poorly on your strangely shaped
                  | body. [potion of mutation]
 83448 | Depths:3 | Lost mutation: You have sharp toenails. [potion of
                  | mutation]
 83448 | Depths:3 | Lost mutation: Your magical capacity is low. (-10% MP)
                  | [potion of mutation]
 83448 | Depths:3 | Gained mutation: You are weak. (Str -2) [potion of
                  | mutation]
 83448 | Depths:3 | Gained mutation: You have large cloven feet. [potion of
                  | mutation]
 83448 | Depths:3 | Gained mutation: Your spells are a little harder to cast,
                  | but a little more powerful. [potion of mutation]
 83449 | Depths:3 | Lost mutation: Your mind is acute. (Int +2) [potion of
                  | mutation]
 83449 | Depths:3 | Lost mutation: You have large cloven feet. [potion of
                  | mutation]
 83449 | Depths:3 | Gained mutation: You expend magic power (3 MP) to
                  | strengthen your wands. [potion of mutation]
 83787 | Hell     | Found a gateway to the Iron City of Dis.
 83834 | Hell     | Found a gateway to the ashen valley of Gehenna.
 83891 | Hell     | Found a gateway to the decaying netherworld of Tartarus.
 84191 | Tar:1    | Entered Level 1 of Tartarus
 85073 | Tar:7    | Entered Level 7 of Tartarus
 85541 | Tar:7    | Identified the +7 arbalest of Conformity {venom, rPois MP+9
                  | Dex+3}
 85903 | Tar:7    | Identified the +6 falchion "Wafa" {drain, Will- Int+5}
 85948 | Tar:7    | Noticed Ereshkigal
 85974 | Tar:7    | Identified the ring "Jyabeb" {Drain rElec rF+ rC+ AC+4
                  | Slay+3}
 85975 | Tar:7    | Identified the ring of Kanepamm {rC++ MP+9 Int+3 Dex+9
                  | Stlth-}
 85975 | Tar:7    | Identified the +1 ring mail "Xuucudgh Caag" {rElec}
 86912 | Tar:7    | Killed Ereshkigal
 86964 | Tar:7    | Got a bone rune of Zot
 87708 | Zot:5    | Noticed an ancient lich
 87718 | Zot:5    | Noticed an orb of fire
 87718 | Zot:5    | Noticed an orb of fire
 87718 | Zot:5    | Noticed an orb of fire
 87733 | Zot:5    | Noticed an orb of fire
 87733 | Zot:5    | Noticed a dread lich
 87733 | Zot:5    | Noticed an orb of fire
 87733 | Zot:5    | Noticed an ancient lich
 87733 | Zot:5    | Noticed an orb of fire
 87733 | Zot:5    | Noticed an orb of fire
 87734 | Zot:5    | HP: 6/231 [ancient lich/crystal spear (19)]
 87740 | Zot:5    | Killed an ancient lich
 87750 | Zot:5    | Slain by an Orb Guardian

Illustrated notes

Levels and vault maps discovered:
D:1:      wander_arrival_peaceful_grave, layout_basic,
          chequers_ecumenical_altar_grove
D:2:      layout_loops_ring, uniq_natasha, uniq_terence
D:3:      layout_loops_ring, marbit_many_paths, mainiacjoe_overflow_catwalk,
          mainiacjoe_overflow_concentric_impassable, serial_bayou,
          serial_bayou_crossing, serial_bayou_pond_b, serial_bayou_lagoon_a,
          serial_bayou_pond_d, serial_bayou_ford_a, serial_bayou_pond_b,
          uniq_crazy_yiuf_cottage, uniq_ijyb
D:4:      layout_gridville, minmay_temple_entry_proselytizer,
          portal_sewer_entry_b
D:5:      minmay_opposing_rooms, layout_basic, minmay_misc_feat_columns
D:6:      layout_cave_pools, mainiacjoe_overflow_boulevard, minmay_diced_spiral
D:7:      kennysheep_kobold_camp, layout_cave_pools,
          lemuel_coloured_pillars_altar, uniq_prince_ribbit1
D:8:      layout_cave_pools, serial_shops, nicolae_shop_advertising_works
          [nicolae_subvault_shop_adworks], special_room [special_room_orc]
D:9:      minmay_the_grid_triangle_9x9_rhombus_thin
          [minmay_the_grid_triangle_9x9_shrine,
          minmay_the_grid_triangle_9x9_prize_insulated,
          minmay_the_grid_triangle_9x9_sprig,
          minmay_the_grid_triangle_9x9_descending_squares], layout_stronghold,
          led_sif_book, nicolae_overflow_crystal_walls,
          nicolae_kikubaaqudgha_miasma_corner, serial_shops, shop_fountains,
          minmay_fractal_squares_5, uniq_psyche
D:10:     layout_roguey, erik_lair_orcish_takeover, minmay_misc_feat_tiny
D:11:     layout_basic, minmay_orc_entry_guard_dogs, hangedman_corner_corridor
D:12:     kennysheep_seaside_town, layout_basic, uniq_azrael
D:13:     layout_irregular_city, gauntlet_entry_generic,
          kennysheep_generic_room_9
D:14:     minmay_chopped_fan, layout_rooms,
          hangedman_vaults_entry_quadrant_bands, serial_shops, kennysheep_mini,
          nicolae_uskayaw_suspiria
D:15:     grunt_enter_depths_hoard, layout_loops_corners,
          chequers_serial_rivers_small_a, nicolae_alphabet_shops
Temple:   nicolae_temple_great_sept
Lair:1:   layout_regular_city, st_stairs_5, patterned_corridor
Lair:2:   layout_big_grid, infiniplex_staircase_pool
Lair:3:   layout_misc_corridors, minmay_swamp_entry_reptiles,
          gammafunk_ghost_arena
Lair:4:   layout_regular_city, guppyfry_snake_entry_garden, nzn_random_ring
Lair:5:   layout_long_grid, minmay_slime_entry_oklob_enclosed, serial_forest,
          infiniplex_forest_straight_3, infiniplex_forest_straight_3,
          infiniplex_forest_end_1, infiniplex_forest_lined_room_,
          infiniplex_forest_lined_1, infiniplex_forest_clump_large,
          lemuel_oklob_altar
Lair:6:   minmay_lair_end_frog_pond, layout_concentric_octagons, uniq_nessos
Swamp:1:  layout_falls_marsh, evilmike_swamp_ruin_house_5, swamp_pool1,
          cheibrodos_swamp_witchery
Swamp:2:  layout_basic_swamp, nicolae_swamp_dense_foliage, swamp_pool1,
          nicolae_swamp_no_escape, uniq_kirke, uniq_nikola, uniq_jorgrun
Swamp:3:  layout_falls_marsh, gammafunk_ghost_arena, nicolae_swamp_tree_designs,
          infiniplex_staircase_pool_2, uniq_mara, uniq_roxanne
Swamp:4:  swamp_icy, layout_basic_swamp, swamp_pool4
Snake:1:  layout_cave_pods, serial_shops, nicolae_shop_stone, shop_fountains,
          gammafunk_ghost_cemetery, drop_trap, serial_bayou_pond_b,
          minmay_shoptagon, lemuel_fruit_tree, uniq_rupert
Snake:2:  layout_layer_cave, chequers_hall_statues_y, serial_bayou_shore_b
Snake:3:  layout_onion, serial_shops, nicolae_shop_behind_doors, st_stairs_12,
          nicolae_take_the_stairs, uniq_vashnia
Snake:4:  johnstein_snake_rune_scales, layout_cave_town, basic_altar,
          minmay_shop_mayhem, nicolae_snake_snakes_in_the_grass
Slime:1:  layout_caves
Slime:2:  nicolae_slime_pool, layout_caves
Slime:3:  layout_caves
Slime:4:  layout_caves, uniq_dissolution
Slime:5
Orc:1:    lemuel_ogre_cave, layout_diamond_mine, basic_altar,
          nicolae_volcano_entry_vermiform, uniq_erica
Orc:2:    st_orc_mages, layout_caves, basic_altar, serial_shops, shop,
          nicolae_shop_waterfront, nicolae_lakefront_shop, shop,
          nicolae_lakefront_shop, uniq_josephine
Elf:1:    nicolae_elf_arrival_fired_up, layout_gridlike, minmay_elf_necromancy,
          minmay_misc_feat_ornament
Elf:2:    nicolae_elf_blades_splatter_lattice
          [nicolae_vaults_blade_armed_guards], layout_geoelf_octagon,
          serial_glass, glass_columns_a, glass_columns_c, item_on_display_a,
          unseen_surprise_small, minmay_strange_pillars, due_unseen_surprise,
          serial_shops, nicolae_shop_statue_plus, shop_fountains, shop,
          nicolae_shop_trees, shop
Elf:3:    minmay_elf_hall_furrowed, layout_gridlike, serial_shops,
          nicolae_shop_trees, grunt_ministairs_11,
          nicolae_elf_loose_elemental_storage
Vaults:1: ontoclasm_vaults_idyll, vaults_room_large_hall,
          hangedman_vaults_nails, nicolae_vaults_network_s, not_door_vault_due,
          hangedman_vaults_stream, v_misc_26, v_alt_pattern_5,
          vaults_room_fours, grunt_vaults_bifocal, vaults_room_large_hall,
          layout_vaults_maze_snakey
Vaults:2: hangedman_vaults_slither, v_rooms_1, v_misc_24,
          vaults_standard_mumra_enter_the_diamond,
          nicolae_vaults_network_periphery, nicolae_vaults_ring_of_whatevers,
          vaults_room_semicircle, vaults_dpeg_ring, vaults_dpeg_encased_lava,
          hangedman_vaults_variations, vaults_standard_mumra_x,
          layout_vaults_omnicross, serial_shops, shop
Vaults:3: grunt_vaults_hallway_long, hangedman_vaults_river_flow,
          dpeg_vaults_monster_row, grunt_vaults_funnel, v_alt_pattern_4,
          ontoclasm_vaults_idyll, ontoclasm_vaults_eye, vaults_mumra_minichess,
          layout_vaults_quadrants, dummy_crypt_entry
Vaults:4: hangedman_vaults_unwind, nicolae_vaults_triangles,
          nicolae_vaults_diagonal_hallway_7, hangedman_vaults_maws, v_misc_24,
          v_misc_27, nicolae_vaults_an_arrangement,
          nicolae_vaults_mini_display_case, nicolae_vaults_yaktaur_gun_rack,
          layout_vaults_ring, uniq_bai_suzhen, uniq_frederick, uniq_margery
Vaults:5: serial_shops
Crypt:1:  layout_chaotic_city, hellmonk_ghost_big_iron
Crypt:2:  layout_misc_corridors, basic_altar, gammafunk_ghost_abyssal_escape,
          corexii_hall_statues_t, uniq_sojobo
Crypt:3:  church_of_pain_bobbens, layout_chaotic_city,
          nicolae_tomb_entry_grand_gallery, uniq_jory
Depths:1: nzn_winding_woodlands_medium [nzn_winding_woodlands_5x5_default,
          nzn_winding_woodlands_5x15_crooked,
          nzn_winding_woodlands_5x5_open_star, nzn_winding_woodlands_5x5_three,
          nzn_winding_woodlands_center_triple_pond,
          nzn_winding_woodlands_5x5_cross, nzn_winding_woodlands_5x5_default,
          nzn_winding_woodlands_5x15_default,
          nzn_winding_woodlands_5x5_checkerboard], layout_basic,
          enter_ziggurat_e, lightli_too_deep, hangedman_decor_growths,
          xom_confusion_cloud
Depths:2: minmay_glassy_protrusions, layout_gridlike, hellmouth_1,
          amcnicky_mini_pool_small, mu_enter_wizlab_1,
          grunt_pan_entry_in_and_out, serial_sigils_hangedman_scratch,
          due_unseen_surprise, serial_bayou_shore_b,
          infiniplex_staircase_squiggle
Depths:3: minmay_guarded_unrand_sceptre_of_torment, layout_gridlike,
          serial_glass, glass_columns_c, glass_columns_b, glass_columns_b,
          ebering_ghost_inner_flame, hell_entry, grunt_pan_entry_spiral,
          abyss_entry, serial_shops, statue_bzr, minmay_liquid_box,
          grunt_megastairs_5
Depths:4: evilmike_zot_entry_basic, layout_honeycomb, pf_coc_iceberg,
          chequers_jeans, nrook_kobold_shadow_demons, uniq_mennas
Hell
Tar:1:    layout_catacombs, nicolae_tar_grid_combs
Tar:2:    layout_catacombs
Tar:3:    layout_grid_maze, nicolae_tar_cuneiform_bird
Tar:4:    layout_grid_maze
Tar:5:    layout_grid_maze
Tar:6:    layout_catacombs, nicolae_tar_cuneiform_bird, nicolae_tar_combstack
Tar:7:    tar_mu [tar_mu_maze]
Zot:1:    layout_basic, grunt_ministairs_1
Zot:2:    layout_concentric_octagons
Zot:3:    layout_twisted_circle
Zot:4:    layout_onion, grunt_ministairs_12
Zot:5:    layout_misc_corridors, hellmonk_ghost_happy_afterlife,
          hangedman_zot_diagonal_lockstep, st_stairs_9

Skill      XL: |  1  2  3  4  5  6  7  8  9 10 11 12 13 14 15 16 17 18 19 20 21 22 23 24 25 26 27 |
---------------+----------------------------------------------------------------------------------+-----
Fighting       | 1 2 3 4 5 6 7 8 9 10 11 13 14 15 16 17 | 17.0
Ice Magic      | 4 5 6 8 10 11 12 | 12.1
Spellcasting   | 3 4 5 7 8 10 11 12 13 14 15 16 17 19 | 19.1
Conjurations   | 1 3 5 7 9 10 11 12 | 12.0
Summonings     | 3 4 6 8 |  8.4
Polearms       | 2 5 9 10 12 | 12.1
Dodging        | 3 6 7 8 9 10 12 13 14 | 14.5
Transmutations | 2 3 4 5 6 7 10 13 | 13.6
Stealth        | 2 3 |  3.7
Necromancy     | 5 7 9 11 12 13 14 15 16 18 19 | 19.6
Earth Magic    | 5 8 9 10 11 12 13 | 13.2
Armour         | 4 6 8 10 12 14 15 16 18 19 | 19.7
Shields        | 2 5 8 9 10 11 | 11.7
Long Blades    | 2 10 11 | 11.8
Air Magic      | 4 |  4.0

Action                   |  1- 3 |  4- 6 |  7- 9 | 10-12 | 13-15 | 16-18 | 19-21 | 22-24 | 25-27 || total
-------------------------+-------+-------+-------+-------+-------+-------+-------+-------+-------++-------
Melee: Unarmed           |     9 |       |       |       |    37 |       |       |       |     2 ||    48
       Spear             |    21 |       |       |       |       |       |       |       |       ||    21
       Touch             |     3 |    15 |    27 |    45 |   159 |       |       |       |       ||   249
       Trident           |    12 |    95 |   220 |   283 |   926 |   798 |   986 |    27 |       ||  3347
       Punch             |       |     2 |     2 |     2 |    14 |       |       |       |       ||    20
       Headbutt          |       |       |       |       |       |       |    18 |   273 |   678 ||   969
       Scimitar          |       |       |       |       |       |       |       |   815 |  1641 ||  2456
Throw: Dart              |       |     3 |     6 |    19 |       |       |       |       |       ||    28
       Throwing net      |       |     1 |       |       |       |     1 |       |       |       ||     2
 Cast: Freeze            |    14 |    12 |     9 |    10 |     6 |       |       |       |       ||    51
       Frozen Ramparts   |     1 |     9 |    13 |    31 |    40 |    20 |    23 |    13 |       ||   150
       Ozocubu's Armour  |       |     8 |    14 |    33 |    51 |    38 |    44 |    21 |    40 ||   249
       Hailstorm         |       |       |    12 |    31 |    79 |    16 |     2 |       |       ||   140
       Summon Ice Beast  |       |       |     4 |     5 |    18 |       |       |       |       ||    27
       Animate Dead      |       |       |       |       |     9 |     4 |       |       |       ||    13
       Ice Form          |       |       |       |       |     5 |       |       |       |       ||     5
       Borgnjor's Vile C |       |       |       |       |    37 |   131 |   160 |   165 |   162 ||   655
       Iron Shot         |       |       |       |       |    35 |   167 |   126 |   141 |   185 ||   654
       Sublimation of Bl |       |       |       |       |       |    84 |    86 |    68 |    40 ||   278
       Death Channel     |       |       |       |       |       |    24 |    23 |    31 |    22 ||   100
       Passwall          |       |       |       |       |       |     1 |     2 |       |       ||     3
       Simulacrum        |       |       |       |       |       |    21 |    17 |     6 |     2 ||    46
       Irradiate         |       |       |       |       |       |       |    10 |     6 |     5 ||    21
       Wereblood         |       |       |       |       |       |       |    15 |    27 |    17 ||    59
       Dispel Undead     |       |       |       |       |       |       |     2 |     6 |    35 ||    43
       Haunt             |       |       |       |       |       |       |       |     5 |     9 ||    14
       Necromutation     |       |       |       |       |       |       |       |       |    28 ||    28
Invok: Curse Item        |       |       |     5 |     1 |     4 |     6 |     1 |     2 |     1 ||    20
       Shatter the Chain |       |       |       |     1 |     3 |     2 |     1 |     2 |       ||     9
 Abil: End Transformatio |       |       |       |       |     3 |       |       |       |     2 ||     5
Evoke: Wand              |       |       |       |     1 |       |       |       |     1 |     1 ||     3
  Use: Scroll            |       |     6 |     2 |     1 |     5 |    18 |     5 |     6 |    18 ||    61
       Potion            |       |       |       |     2 |    10 |     6 |    12 |     4 |    10 ||    44
 Stab: Paralysed         |     2 |     8 |    12 |    33 |    62 |    90 |   123 |    61 |    67 ||   458
       Held in net/web   |       |     3 |       |       |       |       |       |       |       ||     3
       Sleeping          |       |     4 |     7 |    11 |    14 |    21 |    19 |     8 |    19 ||   103
       Distracted        |       |       |       |     2 |     5 |     4 |     8 |    16 |    43 ||    78
       Petrified         |       |       |       |       |       |       |       |       |     2 ||     2
       Confused          |       |       |       |       |       |       |       |       |     1 ||     1
       Petrifying        |       |       |       |       |       |       |       |       |     1 ||     1
Armor: Robe              |    11 |       |       |       |       |       |       |       |       ||    11
       Ring mail         |       |    18 |    81 |    24 |       |       |       |       |       ||   123
       Leather armour    |       |       |       |    36 |    41 |       |       |       |       ||    77
       Skin              |       |       |       |       |    19 |       |       |       |     8 ||    27
       Swamp dragon scal |       |       |       |       |   131 |   172 |   182 |       |       ||   485
       Chain mail        |       |       |       |       |       |       |    73 |   424 |   786 ||  1283
Dodge: Dodged            |    33 |    49 |   134 |   135 |   486 |   441 |   587 |   721 |  1425 ||  4011
Block: Buckler           |       |       |       |       |       |   292 |   420 |   552 |   884 ||  2148
       Reflection        |       |       |       |       |       |    69 |    50 |    66 |    55 ||   240
